 Dungeon Crawl Stone Soup version 0.25-a0-842-g81a31cfd23 (webtiles) character file.

Game seed: 18185219315968322406, levelgen mode: deterministic

997438 Lavandula the Vine Stalker Blade (level 27, -8/169 HPs)
             Began as a Vine Stalker Chaos Knight on Apr 23, 2020.
             Was a Favourite Plaything of Xom.
             Killed from afar by a balrug (15 damage)
             ... with a fireball
             ... in Pandemonium on Apr 24, 2020.
             The game lasted 05:03:51 (43765 turns).

Lavandula the Vine Stalker Blade (VSCK)            Turns: 43765, Time: 05:03:54

Health: -8/169     AC: 34    Str: 23    XL:     27
Magic:  0/33       EV: 31    Int: 18    God:    Xom [..*...]
Gold:   7471       SH:  0    Dex: 19    Spells: 5/52 levels left

rFire    . . .     SeeInvis +   h - +9 triple sword (holy)
rCold    . . .     Gourm    .   (shield currently unavailable)
rNeg     + . .     Faith    .   (armour currently unavailable)
rPois    ∞         Spirit   +   y - +2 helmet
rElec    +         Reflect  .   B - +2 cloak {rPois}
rCorr    .         Harm     .   (gloves currently unavailable)
MR       +++..                  (boots currently unavailable)
Stlth    +++++++...             I - amulet of Codoont {Acrobat Str+4 Int+4}
HPRegen  1.58/turn              Y - ring of see invisible
MPRegen  0.23/turn              C - ring of Phasing {EV+8}

@: statue-form, very slightly contaminated, hasted
A: fangs 3, thin skeletal structure 1, blurry vision 1, clumsy 1, dopey 1, frail
2, low mp 2, regeneration 3, screaming 1, magic shield, antimagic bite, no
potion heal 3, rot immunity
}: 12/15 runes: decaying, serpentine, slimy, silver, iron, obsidian, icy, bone,
abyssal, demonic, glowing, dark
a: End Transformation, Renounce Religion


You were in Pandemonium.
You worshipped Xom.
You were a toy of Xom.
You were not hungry.
You were a stone statue.
You visited 15 branches of the dungeon, and saw 77 of its levels.
You visited Pandemonium 2 times, and saw 20 of its levels.
You visited the Abyss 1 time.

You collected 11111 gold pieces.
You spent 3640 gold pieces at shops.

Inventory:

Hand Weapons
 h - a +9 triple sword of holy wrath (weapon)
 v - the +8 great sword "Icolep" {vamp, *Noise rN+ Str+4 Dex+2}
   (You acquired it on level 1 of the Swamp)

   It inflicts no extra harm, but heals its wielder when it wounds a living foe.
   It affects your strength (+4).
   It affects your dexterity (+2).
   It protects you from negative energy.
   It may make noises in combat.
 M - a +2 scimitar of flaming
Missiles
 w - 141 poisoned darts (quivered)
 T - a throwing net
Armour
 i - a +2 pair of gloves of strength (melded)
 p - a +2 robe of the Archmagi
 y - a +2 helmet (worn)
 B - a +2 cloak of poison resistance (worn)
 R - a +1 pair of boots (melded)
 V - the +9 scale mail "Singotuf" (melded) {rF+ rC+ Str+4 Slay+2}
   (You took it off a deep elf high priest on level 5 of the Vaults)

   It affects your strength (+4).
   It affects your accuracy and damage with ranged weapons and melee attacks
   (+2).
   It protects you from fire.
   It protects you from cold.
Magical Staves
 P - an uncursed staff of energy
Jewellery
 l - an uncursed ring of protection from fire
 C - the ring of Phasing (right hand) {EV+8}
   (You found it on level 7 of Gehenna)

   [ring of evasion]

   It affects your evasion (+8).
 I - the amulet of Codoont (around neck) {Acrobat Str+4 Int+4}
   (You took it off a deep elf mage on level 5 of the Vaults)

   [amulet of the acrobat]

   It helps you evade while moving and waiting.
   It affects your strength (+4).
   It affects your intelligence (+4).
 O - an uncursed ring of protection from cold
 Q - the ring of Paranoia {Wiz +Fly}
   (You took it off a deep elf high priest on level 5 of the Vaults)

   [ring of wizardry]

   It improves your spell success rate.
   It lets you fly.
 S - the ring of Faoruamm {rC+ Dex+2 Stlth+}
   (You found it on level 7 of Gehenna)

   [ring of stealth]

   It affects your dexterity (+2).
   It protects you from cold.
   It makes you more stealthy.
 W - the ring "Ereol" {+Inv rCorr}
   (Xom gifted it to you on level 12 of the Dungeon)

   [ring of resist corrosion]

   It lets you turn invisible.
   It provides partial protection from all sources of acid and corrosion.
 Y - a ring of see invisible (left hand)
 Z - the ring "Ruruef" {rElec rPois rF+ Dex-5}
   (You found it on level 5 of the Pits of Slime)

   [ring of poison resistance]

   It affects your dexterity (-5).
   It protects you from fire.
   It insulates you from electricity.
   It protects you from poison.
Wands
 o - a wand of acid (42)
 r - a wand of paralysis (44)
 H - a wand of clouds (14)
 L - a wand of enslavement (18)
 U - a wand of iceblast (29)
Scrolls
 g - 7 scrolls of immolation
 n - 14 scrolls of teleportation
 q - 16 scrolls of remove curse
 s - 10 scrolls of magic mapping
 x - 4 scrolls of fog
 A - 2 scrolls of identify
 D - a scroll of enchant weapon
 K - 3 scrolls of holy word
Potions
 b - a potion of mutation
 d - 20 potions of curing
 e - 4 potions of might
 f - 4 potions of invisibility
 j - 9 potions of haste
 t - 3 potions of stabbing
 u - 4 potions of magic
 E - 2 potions of cancellation
 F - a potion of ambrosia
 G - 7 potions of berserk rage
 J - 7 potions of brilliance
Miscellaneous
 a - 7 boxes of beasts
 k - the horn of Geryon
 m - 4 tins of tremorstones
 z - a lightning rod (4/4)
 X - 4 phantom mirrors
Comestibles
 c - 51 rations
 N - 2 chunks of flesh


   Skills:
 + Level 22.5 Fighting
 - Level 24.0 Long Blades
 - Level 7.2 Armour
 - Level 13.3 Dodging
 - Level 15.0 Stealth
 - Level 13.0 Spellcasting
 - Level 3.6 Conjurations
 - Level 21.0 Summonings
 - Level 11.1 Translocations
 - Level 21.0 Transmutations
 - Level 2.5 Air Magic
 - Level 11.0 Earth Magic
 - Level 5.9 Evocations


You had 5 spell levels left.
You knew the following spells:

 Your Spells              Type           Power        Failure   Level  Hunger
a - Summon Lightning Spi  Summ/Air       ######..     1%          4    #......
b - Blink                 Tloc           N/A          1%          2    None
c - Statue Form           Tmut/Erth      ######...    1%          6    ######.
d - Summon Butterflies    Summ           ######..     0%          1    None
e - Irradiate             Conj/Tmut      ######....   1%          5    ####...
f - Monstrous Menagerie   Summ           ######....   1%          7    #######
g - Apportation           Tloc           ######       1%          1    None
h - Passage of Golubria   Tloc           N/A          1%          4    #......
i - Summon Horrible Thin  Summ           ######....   7%          8    #######
j - Malign Gateway        Summ/Tloc      ######....   7%          7    #######
k - Shroud of Golubria    Chrm/Tloc      ####..       1%          2    None

Your spell library contained the following spells:

 Spells                   Type           Power        Failure   Level  Hunger
 Beastly Appendage        Tmut           ######       0%          1    None
 Summon Small Mammal      Summ           ####         0%          1    None
 Call Imp                 Summ           ######..     0%          2    None
 Passwall                 Tmut/Erth      ######..     0%          2    None
 Sticks to Snakes         Tmut           ######..     0%          2    None
 Call Canine Familiar     Summ           ######..     0%          3    None
 Magic Dart               Conj           ###.         1%          1    None
 Sandblast                Erth           ######       1%          1    None
 Shock                    Conj/Air       ###.         1%          1    None
 Sting                    Tmut/Pois      ####         1%          1    None
 Searing Ray              Conj           ###...       1%          2    None
 Gell's Gravitas          Tloc           ######....   1%          3    None
 Ignite Poison            Fire/Tmut/Pois #####...     1%          3    None
 Lesser Beckoning         Tloc           ######....   1%          3    None
 Portal Projectile        Hex/Tloc       ####..       1%          3    None
 Recall                   Summ/Tloc      N/A          1%          3    None
 Spider Form              Tmut/Pois      #####.....   1%          3    None
 Stone Arrow              Conj/Erth      #####.       1%          3    None
 Summon Guardian Golem    Hex/Summ       #####...     1%          3    None
 Ice Form                 Ice/Tmut       #####...     1%          4    #......
 Petrify                  Tmut/Erth      ######..     1%          4    #......
 Summon Ice Beast         Ice/Summ       #####...     1%          4    #......
 Aura of Abjuration       Summ           ######....   1%          5    ####...
 Blade Hands              Tmut           ######....   1%          5    ####...
 Lee's Rapid Deconstruct  Erth           ######....   1%          5    ####...
 Summon Demon             Summ           ######....   1%          5    ####...
 Summon Forest            Summ/Tloc      ######....   1%          5    ####...
 Foxfire                  Conj/Fire      ###.         2%          1    None
 Iskenderun's Mystic Bla  Conj/Tloc      #####...     2%          4    #......
 Alistair's Intoxication  Tmut/Pois      #####...     2%          5    ####...
 Summon Mana Viper        Hex/Summ       #####...     2%          5    ####...
 Yara's Violent Unravell  Hex/Tmut       #####.....   2%          5    ####...
 Static Discharge         Conj/Air       ###.....     4%          3    None
 Corpse Rot               Necr/Air       N/A          5%          2    None
 Poisonous Vapours        Pois/Air       ###...       5%          2    None
 Swiftness                Chrm/Air       ###.....     5%          2    None
 Animate Skeleton         Necr           N/A          6%          1    None
 Corona                   Hex            ##.....      6%          1    None
 Freeze                   Ice            ##..         6%          1    None
 Infusion                 Chrm           ##..         6%          1    None
 Pain                     Necr           ##..         6%          1    None
 Leda's Liquefaction      Hex/Erth       ####......   6%          4    #......
 Mephitic Cloud           Conj/Pois/Air  ###.....     8%          3    None
 Ensorcelled Hibernation  Hex/Ice        ##....       9%          2    None
 Slow                     Hex            ##......     9%          2    None
 Sublimation of Blood     Necr           ##........   9%          2    None
 Conjure Flame            Conj/Fire      ###.....     9%          3    None
 Dazzling Flash           Conj/Hex       ###...       9%          3    None
 Confusing Touch          Hex            ##......     17%         3    None
 Inner Flame              Hex/Fire       ##......     17%         3    None
 Ozocubu's Armour         Chrm/Ice       ##......     17%         3    None
 Tukima's Dance           Hex            ##......     17%         3    None
 Vampiric Draining        Necr           ##........   17%         3    None
 Borgnjor's Vile Clutch   Necr/Erth      ####......   17%         5    ####...
 Airstrike                Air            ###.......   21%         4    #......
 Fulminant Prism          Conj/Hex       ###.......   26%         4    #......
 Lightning Bolt           Conj/Air       ###.......   41%         5    ####...
 Animate Dead             Necr           N/A          50%         4    #......
 Cause Fear               Hex            ##........   50%         4    #......
 Dispel Undead            Necr           ##......     50%         4    #......
 Olgreb's Toxic Radiance  Pois           ##......     50%         4    #......
 Silence                  Hex/Air        ###.......   67%         5    ####...
 Agony                    Necr           ##......     85%         5    ####...
 Excruciating Wounds      Chrm/Necr      ##........   85%         5    ####...
 Metabolic Englaciation   Hex/Ice        ##........   85%         5    ####...
 Hydra Form               Tmut           ######....   1%          6    ######.
 Shadow Creatures         Summ           N/A          1%          6    ######.
 Dragon Form              Tmut           ######....   1%          7    #######
 Summon Greater Demon     Summ           ######....   1%          7    #######
 Summon Hydra             Summ           ######....   1%          7    #######
 Iron Shot                Conj/Erth      #####.....   41%         6    ######.
 Haunt                    Necr/Summ      #####.....   54%         7    #######
 Dragon's Call            Summ           ######....   71%         9    #######
 Conjure Ball Lightning   Conj/Air       ###.......   94%         6    ######.
 Freezing Cloud           Conj/Ice/Air   ###.......   98%         6    ######.
 Starburst                Conj/Fire      ###.......   99%         6    ######.
 Necromutation            Tmut/Necr      #####.....   99%         8    #######
 Darkness                 Hex            ##........   100%        6    ######.
 Death Channel            Necr           ##........   100%        6    ######.
 Invisibility             Hex            ##......     100%        6    ######.
 Simulacrum               Ice/Necr       ##........   100%        6    ######.
 Ring of Flames           Chrm/Fire      ##........   100%        7    #######
 Borgnjor's Revivificati  Necr           ##........   100%        8    #######
 Death's Door             Chrm/Necr      ##........   100%        8    #######
 Ignition                 Fire           ##........   100%        8    #######
 Infestation              Necr           ##........   100%        8    #######
 Tornado                  Air            ###.......   100%        9    #######


Dungeon Overview and Level Annotations

Branches:
Dungeon (15/15)            Temple (0/1) D:4            Lair (6/6) D:10
  Swamp (4/4) Lair:4        Snake (4/4) Lair:4        Slime (5/5) Lair:5
    Orc (2/2) D:10            Elf (3/3) Orc:2        Vaults (5/5) D:13
  Crypt (3/3) Vaults:2       Tomb (0/3) Crypt:3      Depths (3/5) D:15
   Hell (visited)             Dis (7/7) Hell            Geh (7/7) Hell
    Coc (7/7) Hell            Tar (7/7) Hell

Altars:
Ashenzari
Fedhas
Kikubaaqudgha
Makhleb
Nemelex Xobeh
Sif Muna
Uskayaw
Wu Jian
Xom
Yredelemnul
Zin
Jiyva

Shops:
D:5 (   D:13 (   D:14 ?   Orc:1 %?%   Orc:2 :(*[   Elf:1 [   Snake:4 ?!}!
Vaults:3 %}=?

Portals:
Hell: Depths:1 Depths:2
Pandemonium: Depths:3
Ziggurat: Depths:2
Trove: Vaults:2 (give +8 demon blade)

Annotations:
D:8 Joseph
D:12 exclusion: upstairs
Lair:2 water
Elf:1 6 runed translucent doors
Elf:2 exclusion: 2 obsidian statues
Dis:7 Dispater
Coc:7 exclusion: 2 ice statues


Innate Abilities, Weirdness & Mutations

You have razor-sharp teeth.
You regenerate.
When hurt, damage is shared between your health and your magic reserves.
Your bite disrupts and absorbs the magic of your enemies.
Potions cannot restore your health.
You are immune to rotting.
You have a somewhat thin skeletal structure. (Dex +2, Stealth)
((You are partially covered in yellow scales. (AC +2)))
Scrolls take you a little longer to read.
You are clumsy. (Dex -2)
You are dopey. (Int -2)
You are very frail. (-20% HP)
Your magical capacity is very low. (-20% MP)
You occasionally shout uncontrollably at your foes.


Message History

* * * LOW HITPOINT WARNING * * *
The Executioner barely misses you.
You riposte.
You slash the Executioner!
The Executioner convulses!
Your bite misses the Executioner.
The Executioner is almost dead.
The Executioner closely misses you. The Executioner hits you.
* * * LOW HITPOINT WARNING * * *
Unknown command.
Okay, then.
Unknown command.
Evoke which item? (* to show all) (? for menu, Esc to quit)
Okay, then.
Unknown command.
Casting: Irradiate (mildly dangerous; 1% risk of failure)
Confirm with . or Enter, or press ? or * to list all spells.
You blink.
A reaper comes into view. It is wielding a +0 scythe of venom.
The balrug gestures at you.
The fireball explodes!
The fireball engulfs you!
You die...
Xom guffaws!

................
.................#
.................#
.................#
###.###..........#
#..........#
+#.+##........# .#
..............#
..#
#+.###.))..8..#
..# #........#
...##
#........##.....
.........12.'.#
+##.._...2.)#.#
#........§..#
#.........#6#
...........#2#
..$.._.....#


You could see a torturous warmonger, a reaper, a balrug, an Executioner and a
blizzard demon.

Vanquished Creatures
  Antaeus (Coc:7)
  Asmodeus (Geh:7)
  the Royal Jelly (Slime:5)
  Ereshkigal (Tar:7)
  Dissolution (Slime:4)
  Mnoleg (Pan)
  Khufu (Crypt:2)
  Mara (Swamp:4)
  3 juggernauts (Depths:2)
  A greater mummy (Crypt:2)
  Sojobo (Crypt:1)
  Boris (twice) (Vaults:5 Depths:2)
  3 pandemonium lords (Pan)
  3 ancient liches
  6 shard shrikes
  Saint Roka (Snake:3)
  Xtahua (Vaults:5)
  2 golden dragons (Depths:2)
  Geryon (Hell)
  5 bone dragons
  the Enchantress (Depths:2)
  19 Tzitzimimeh
  15 Brimstone Fiends
  6 doom hounds
  4 tentacled monstrosities
  7 liches
  12 Ice Fiends
  Rupert (D:13)
  5 Hell Sentinels (Dis:7)
  2 deep elf blademasters (Elf:3)
  3 titans (Vaults:5)
  2 deep elf master archers
  7 quicksilver dragons
  26 acid blobs
  6 ancient champions
  3 nameless horrors
  19 Executioners
  A sphinx (Vaults:5)
  4 tentacled starspawn
  11 tengu reavers
  An eldritch tentacle (Dis:7)
  2 storm dragons (Depths:2)
  3 thorn hunters
  15 azure jellies
  9 shadow dragons
  3 warmongers (Pan)
  3 revenants
  3 nagarajas
  7 iron dragons
  7 corrupters (Pan)
  16 vault wardens
  Nessos (Orc:2)
  7 fire giants
  16 cacodemons
  6 frost giants
  5 deep elf sorcerers
  4 curse skulls
  An emperor scorpion (shapeshifter) (D:13)
  A caustic shrike zombie (Crypt:1)
  3 ghost moths (Pan)
  2 orc warlords
  2 ghouls
  8 balrugs
  8 deep elf elementalists
  14 very ugly things
  An emperor scorpion (Vaults:1)
  3 spriggan defenders (Depths:2)
  A caustic shrike skeleton (Crypt:2)
  An elemental wellspring (Coc:7)
  The ghost of t4s4d4r the Thaumaturge, an adept FeCj of Sif Muna (D:15)
  7 blood saints (Pan)
  6 ironheart preservers
  A stone giant (shapeshifter) (Vaults:5)
  44 reapers
  An entropy weaver (Vaults:2)
  8 vampire knights
  13 stone giants
  16 war gargoyles
  7 deep elf demonologists
  3 black suns (Pan)
  11 lorocyprocas
  9 deep elf annihilators
  A minotaur (D:15)
  The ghost of coffeespoons the Cleaver, a journeyman MiWr of Ru (Lair:2)
  8 ettins
  2 spark wasps (Depths:1)
  11 deep elf death magi
  5 eidola
  14 blizzard demons
  5 green deaths
  12 death oozes
  A quicksilver dragon zombie (Geh:7)
  5 fire dragons
  12 yaktaur captains
  Josephine (D:11)
  A merfolk impaler (Depths:2)
  6 jiangshi
  A kraken zombie (Coc:7)
  6 deep elf high priests
  8 great orbs of eyes
  3 rakshasas
  2 quicksilver dragon skeletons
  Harold (D:11)
  11 ice dragons
  3 catoblepae
  26 vault guards
  The ghost of Suoleg the Cleaver, a journeyman FoFi of Cheibriados (Lair:2)
  2 spriggan air magi (Depths:2)
  8 hell beasts
  A naga warrior (Snake:4)
  5 monstrous demonspawn (Pan)
  23 hydras
  2 ghost crabs
  A shambling mangrove (Swamp:4)
  11 anacondas
  7 centaur warriors
  17 dancing weapons
  3 deep troll earth magi
  8 alligators
  15 hell hogs
  2 death knights
  24 two-headed ogres
  8 titan zombies
  9 death yaks
  9 vampire magi
  5 tengu warriors
  4 deep troll shamans
  7 ogre magi
  23 small abominations
  4 shock serpents
  Urug (D:12)
  8 thrashing horrors
  4 orc high priests
  6 holy swine (Pan)
  49 large abominations
  17 hell knights
  39 soul eaters
  13 deep elf knights
  21 sun demons
  4 iron golems
  4 spriggan berserkers (Depths:2)
  A spatial maelstrom (Abyss:2)
  The ghost of Katsion the Nimble, a journeyman FeSk of Uskayaw (Lair:2)
  2 wretched stars
  6 titan skeletons
  Sonja (D:12)
  5 storm dragon zombies
  71 skeletal warriors
  15 sixfirhies
  2 spark wasp zombies
  7 iron trolls (Dis:7)
  10 deep trolls
  3 storm dragon skeletons
  2 ghost moth zombies
  A glowing orange brain (shapeshifter) (Depths:2)
  5 infernal demonspawn (Pan)
  6 flayed ghosts
  7 unseen horrors
  An anaconda zombie (Hell)
  16 shadow demons
  31 shadow wraiths
  4 spriggan druids
  2 naga ritualists (Snake:2)
  A swamp dragon (shapeshifter) (Vaults:5)
  9 swamp dragons (Swamp:4)
  4 gelid demonspawn (Pan)
  5 torturous demonspawn (Pan)
  2 sea snakes
  4 glowing orange brains
  4 shadow dragon zombies
  2 golden dragon skeletons
  4 golden dragon zombies
  An orange crystal statue (Depths:2)
  9 wizards
  22 phantasmal warriors
  3 anaconda skeletons
  13 deep elf archers
  11 ironbrand convokers
  5 harpies (Vaults:5)
  A sphinx zombie (Crypt:1)
  7 necromancers
  3 stone giant zombies
  6 orc knights
  3 wolf spider zombies
  A wolf spider (shapeshifter) (Vaults:5)
  4 orc sorcerers (Orc:2)
  A mana viper (shapeshifter) (Vaults:1)
  38 ugly things
  3 wolf spiders
  6 cyclopes
  2 shadow dragon skeletons
  57 deep elf magi
  2 iron dragon zombies
  4 fire giant zombies
  7 shining eyes
  3 manticores
  13 elephants
  5 mana vipers
  6 salamanders
  A moth of wrath (shapeshifter) (Vaults:5)
  A human zombie (Vaults:2)
  3 frost giant zombies
  2 human skeletons (Vaults:2)
  4 fire giant skeletons
  3 stone giant skeletons
  A worldbinder (Abyss:4)
  A tengu skeleton (Depths:1)
  6 centaur zombies
  4 apocalypse crabs
  2 frost giant skeletons
  Maurice (Orc:1)
  23 rust devils
  A black mamba (shapeshifter) (Vaults:1)
  5 guardian serpents
  2 ice statues (Hell)
  13 vault sentinels
  21 black mambas
  4 dire elephant zombies
  5 gargoyles
  9 orange demons (Pan)
  2 iron dragon skeletons
  7 molten gargoyles (Geh:7)
  2 eyes of devastation
  A titan simulacrum (Crypt:1)
  21 smoke demons
  7 naga magi
  A torpor snail (shapeshifter) (Depths:2)
  2 shock serpent skeletons
  Maggie (D:8)
  A spiny frog (shapeshifter) (Vaults:5)
  5 dire elephant skeletons
  19 spiny frogs
  21 hellions
  2 kobold demonologists
  7 komodo dragons
  4 efreet
  A golden dragon simulacrum (Depths:1)
  2 komodo dragons (shapeshifter)
  22 yaktaurs
  11 demonic crawlers
  3 rime drakes
  29 ice devils
  34 red devils
  A yaktaur skeleton (Vaults:2)
  4 ancient zymes
  2 catoblepas skeletons
  2 tengu conjurers
  26 freezing wraiths
  23 tormentors
  2 harpy zombies
  A jumping spider (shapeshifter) (Vaults:4)
  A silent spectre (Abyss:3)
  14 hellwings (Pan)
  5 tyrant leeches
  3 meliai (D:15)
  A polar bear (shapeshifter) (Vaults:1)
  A queen bee (D:15)
  13 hornets
  2 polar bears (Lair:4)
  7 hydra skeletons
  A shadow dragon simulacrum (Crypt:2)
  7 trolls
  A hornet (shapeshifter) (Vaults:5)
  8 hydra zombies
  4 ettin zombies
  3 alligator zombies
  93 slime creatures
  8 blink frogs (Lair:4)
  12 raiju
  9 dream sheep
  2 harpy skeletons
  A hippogriff (shapeshifter) (Vaults:5)
  3 ice dragon zombies
  A snapping turtle (shapeshifter) (Abyss:2)
  A dream sheep (shapeshifter) (Vaults:5)
  2 fire dragon zombies (Geh:1)
  6 bog bodies
  8 hippogriffs
  9 ynoxinuls
  4 air elementals
  21 starcursed masses
  75 flying skulls
  A shapeshifter (Vaults:1)
  3 redbacks
  3 black mamba zombies
  4 ettin skeletons
  21 shadows
  2 tarantellas (shapeshifter)
  A tarantella (Vaults:2)
  An alligator skeleton (Pan)
  2 fire dragon skeletons
  4 spriggans
  18 water elementals
  10 vampires
  A hog (Lair:4)
  24 wraiths
  42 yaks
  8 golden eyes
  2 humans (shapeshifter)
  14 wyverns
  10 fire elementals
  A hog (shapeshifter) (Slime:1)
  15 humans (D:13)
  A tyrant leech zombie (Crypt:2)
  3 basilisks
  A yaktaur simulacrum (Vaults:3)
  19 neqoxecs
  A warg (shapeshifter) (D:11)
  10 hungry ghosts
  A fire bat (Abyss:2)
  A steam dragon (Lair:6)
  3 vampire mosquitoes
  13 chaos spawn
  17 wargs
  A gelid demonspawn zombie (Geh:1)
  A soldier ant (shapeshifter) (D:13)
  9 nagas
  A soldier ant (D:12)
  10 swamp worms
  2 acid dragons (Lair:6)
  4 spiny frog zombies
  2 two-headed ogre skeletons (Crypt:1)
  2 hydra simulacra
  24 water moccasins
  2 floating eyes
  45 hell hounds
  8 porcupines
  A floating eye (shapeshifter) (Elf:3)
  2 deep troll simulacra (Depths:1)
  A manticore zombie (Geh:7)
  46 orc warriors
  2 sky beasts
  10 eyes of draining
  10 swamp drakes
  2 black bears (D:7)
  2 alligator simulacra
  An ice dragon simulacrum (Crypt:1)
  2 spiny frog skeletons
  A swamp dragon zombie (Geh:7)
  16 necrophages
  18 ogres
  3 phantoms
  6 snapping turtle zombies
  6 snapping turtle skeletons
  2 swamp dragon skeletons
  18 wolves
  6 boggarts
  13 centaurs
  13 crocodiles
  A bullfrog (shapeshifter) (Vaults:2)
  3 big kobolds
  A gnoll sergeant (D:8)
  A wyvern zombie (D:10)
  6 earth elementals
  2 elf skeletons
  10 bullfrogs
  A cyclops skeleton (Crypt:2)
  4 scorpions
  A scorpion (shapeshifter) (Vaults:5)
  A water moccasin zombie (D:6)
  A wyvern skeleton (D:12)
  A queen bee zombie (Crypt:1)
  A warg zombie (Crypt:2)
  25 killer bees
  35 wights
  4 electric eels
  12 crimson imps
  3 howler monkeys
  2 quasits
  2 jellies
  31 orc wizards
  A gnoll shaman (D:4)
  9 hounds
  6 centaur skeletons
  19 orc priests
  14 iron imps
  2 bullfrog skeletons
  4 iguanas
  12 worker ants
  A killer bee zombie (D:9)
  An ogre zombie (Crypt:3)
  A naga zombie (Geh:1)
  3 hound skeletons
  4 mummies
  A worker ant zombie (D:10)
  5 adders
  6 gnolls
  16 shadow imps
  22 white imps
  3 ufetubi
  An adder zombie (D:8)
  A halfling skeleton (Crypt:2)
  An adder skeleton (D:8)
  A worm (D:5)
  2 dart slugs
  3 leopard geckos
  102 orcs
  6 giant cockroaches
  8 goblins
  9 hobgoblins
  4 quokkas
  A ball python (D:3)
  A bat (D:3)
  7 frilled lizards
  A jackal zombie (D:6)
  17 kobolds
  A kobold skeleton (Pan)
  2 leopard gecko skeletons
  2 orc zombies
  5 rats
  5 crawling corpses
  A fungus (Swamp:3)
  5 starspawn tentacles
  3 tentacles (Coc:7)
3172 creatures vanquished.

Vanquished Creatures (collateral kills)
  3 shard shrikes (Coc:7)
  2 Tzitzimimeh (Tar:7)
  A Brimstone Fiend (Dis:7)
  3 Ice Fiends
  A Hell Sentinel (Dis:7)
  3 iron giants (Dis:7)
  A deep elf master archer (Elf:3)
  A quicksilver dragon (Dis:7)
  An eldritch tentacle (Pan)
  An acid blob (Slime:5)
  An Executioner (Pan)
  3 ancient champions (Dis:7)
  A deep elf sorcerer (Elf:3)
  4 iron dragons
  An azure jelly (Slime:4)
  A frost giant (Coc:7)
  A cacodemon (Pan)
  A balrug (Geh:7)
  A deep elf elementalist (Elf:3)
  A war gargoyle (Dis:7)
  An elemental wellspring (Coc:7)
  A blood saint (Pan)
  4 reapers
  A corrupter (Pan)
  A deep elf annihilator (Elf:3)
  2 black suns (Pan)
  A nameless horror (Dis:7)
  A deep elf death mage (Elf:3)
  A merfolk impaler (Depths:2)
  A fire dragon (Lair:6)
  A deep elf high priest (Elf:3)
  A quicksilver dragon zombie (Dis:7)
  A vault guard (Vaults:1)
  3 ice dragons (Coc:7)
  A hydra (Lair:6)
  A naga warrior (Snake:4)
  A catoblepas (D:11)
  A dancing weapon (Elf:3)
  An ogre mage (Vaults:3)
  A two-headed ogre (Vaults:3)
  An orc high priest (Orc:2)
  A titan skeleton (Coc:7)
  2 skeletal warriors
  2 anaconda zombies (Coc:7)
  3 shadow wraiths (Tar:7)
  An iron troll (Dis:7)
  A sixfirhy (Pan)
  2 shadow demons (Tar:7)
  An unseen horror (Tar:7)
  A shadow dragon zombie (Tar:7)
  An iron dragon zombie (Dis:7)
  2 ugly things (Vaults:1)
  A frost giant skeleton (Tar:7)
  2 rust devils (Dis:7)
  A vault sentinel (Vaults:1)
  A fire giant skeleton (Tar:7)
  A smoke demon (Geh:7)
  A molten gargoyle (Geh:7)
  A rime drake (Lair:6)
  A dire elephant skeleton (Coc:7)
  2 yaktaurs (Vaults:3)
  3 freezing wraiths
  3 hydra zombies (Coc:7)
  2 demonic crawlers (Pan)
  7 red devils
  A tormentor (Coc:7)
  3 ice devils
  A slime creature (Slime:5)
  An ettin zombie (Coc:7)
  An ice dragon skeleton (Tar:7)
  4 water elementals
  A shadow (Tar:7)
  A basilisk (Lair:6)
  3 yaks (Lair:1)
  Grum (Lair:1)
  A human (D:13)
  A neqoxec (Pan)
  A chaos spawn (Pan)
  A warg (D:10)
  A large abomination (Abyss:4)
  A hydra simulacrum (Hell)
  2 hell hounds
  A swamp drake (Lair:6)
  2 ogres
  3 necrophages
  A wolf (Lair:1)
  A big kobold (D:11)
  3 scorpions
  A troll zombie (Tar:7)
  A wight (Geh:7)
  An orc priest (Orc:2)
  3 orc wizards
  2 iron imps (Dis:7)
  4 gnolls (D:4)
  3 shadow imps (Tar:5)
  5 white imps
  A dart slug (D:4)
  6 orcs
  A quokka (D:11)
  2 butterflies (Lair:1)
  A fungus (Depths:2)
169 creatures vanquished.

Vanquished Creatures (others)
  15 eldritch tentacles
  A war gargoyle (Dis:7)
  A black sun (Pan)
  A fire dragon (Depths:2)
  3 dancing weapons
  2 hell hogs
  A shadow demon (Tar:1)
  A phantasmal warrior (Tar:7)
  2 deep elf magi
  A necromancer (Crypt:2)
  A smoke demon (Pan)
  4 slime creatures
  A dream sheep (D:11)
  A centaur simulacrum (D:13)
  A ynoxinul (Pan)
  A wyvern (Lair:6)
  A yak (D:11)
  A hell hound (Dis:7)
  A nameless horror (Coc:7)
  A swamp drake (Swamp:4)
  A small abomination (Abyss:4)
  A spiny frog skeleton (Hell)
  An eye of draining (Slime:1)
  An ogre (Orc:2)
  A large abomination (Abyss:4)
  2 wights (Geh:7)
  An orc priest (D:8)
  2 hounds
  An orc wizard (Orc:2)
  A mummy (Crypt:2)
  A white imp (Coc:7)
  2 orcs
  A crawling corpse (Elf:1)
  2 fire vortices (Pan)
  29 fungi
  65 plants
  5 starspawn tentacles
  3 tentacles (Coc:7)
  3 withered plants (Lair:2)
164 creatures vanquished.

Grand Total: 3505 creatures vanquished

Notes
Turn   | Place    | Note
-------+----------+-------------------------------------------
     0 | D:1      | Lavandula the Vine Stalker Chaos Knight began the quest for
                  | the Orb.
     0 | D:1      | Reached XP level 1. HP: 11/11 MP: 2/2
    78 | D:1      | Reached skill level 3 in Long Blades
    94 | D:1      | XOM: divination: detect creatures
   100 | D:1      | XOM: butterfly on damage
   101 | D:1      | Reached XP level 2. HP: 11/16 MP: 3/3
   134 | D:1      | XOM: silly message
   293 | D:2      | XOM: silly message
   299 | D:1      | XOM: butterfly on damage
   440 | D:2      | Reached XP level 3. HP: 17/19 MP: 4/4
   487 | D:2      | Reached skill level 4 in Long Blades
   588 | D:2      | XOM: cloud trail
   783 | D:2      | Gained mutation: Your natural rate of healing is unusually
                  | fast. [Vine Stalker growth]
   783 | D:2      | Reached XP level 4. HP: 20/23 MP: 5/5
   888 | D:2      | XOM: noise
  1040 | D:3      | XOM: divination: detect creatures
  1040 | D:3      | Reached skill level 5 in Long Blades
  1040 | D:3      | Reached XP level 5. HP: 22/27 MP: 6/6
  1127 | D:3      | XOM: 6-stop teleportation journey
  1358 | D:4      | XOM: confuse monster(s)
  1371 | D:4      | Reached skill level 6 in Long Blades
  1371 | D:4      | Reached XP level 6. HP: 16/32 MP: 7/7
  1432 | D:4      | XOM: god gift: ration
  1658 | D:4      | Found a staircase to the Ecumenical Temple.
  1675 | D:4      | Upgraded the game from 0.25-a0-834-g55863b0b92 to
                  | 0.25-a0-842-g81a31cfd23
  1754 | D:4      | Reached skill level 7 in Long Blades
  1754 | D:4      | Reached XP level 7. HP: 31/35 MP: 8/8
  1815 | D:5      | Entered Level 5 of the Dungeon
  1931 | D:5      | Found Rycoomy's Weapon Shoppe.
  1971 | D:5      | XOM: 4-stop teleportation journey
  2335 | D:6      | Found a burning altar of Makhleb.
  2335 | D:6      | Found a basalt altar of Yredelemnul.
  2335 | D:6      | Found a hide-covered altar of Uskayaw.
  2335 | D:6      | Found a shimmering blue altar of Sif Muna.
  2335 | D:6      | Found a sparkling altar of Nemelex Xobeh.
  2335 | D:6      | Found an ornate altar of the Wu Jian Council.
  2336 | D:6      | Found a shattered altar of Ashenzari.
  2340 | D:6      | XOM: summons 2 friendly demons
  2399 | D:6      | Reached skill level 8 in Long Blades
  2559 | D:6      | Gained mutation: You have razor-sharp teeth. [Vine Stalker
                  | growth]
  2559 | D:6      | Reached XP level 8. HP: 39/39 MP: 9/9
  2631 | D:6      | Reached skill level 9 in Long Blades
  2686 | D:6      | XOM: smoke on damage
  2724 | D:6      | XOM: polymorph hound -> jelly
  2726 | D:6      | XOM: silly message
  2750 | D:6      | XOM: silly message
  2895 | D:7      | Reached skill level 10 in Long Blades
  2946 | D:7      | XOM: summons friendly shadow imp
  2949 | D:7      | XOM: 1-stop teleportation journey
  3162 | D:7      | XOM: blink monster(s)
  3183 | D:7      | Reached XP level 9. HP: 31/43 MP: 10/10
  3240 | D:7      | XOM: divination: magic mapping
  3245 | D:7      | Reached skill level 1 in Dodging
  3688 | D:7      | XOM: repel stairs
  3716 | D:8      | XOM: potion effect (invisibility)
  3718 | D:8      | Noticed a two-headed ogre
  3719 | D:8      | Noticed Maggie
  3738 | D:8      | Noticed Joseph
  3742 | D:8      | XOM: chaos upgrade
  3751 | D:8      | Noticed a two-headed ogre
  3885 | D:8      | XOM: butterfly on damage
  3893 | D:8      | Killed a two-headed ogre
  3893 | D:8      | Reached skill level 5 in Dodging
  3932 | D:8      | Killed Maggie
  3932 | D:8      | Reached skill level 11 in Long Blades
  3975 | D:8      | XOM: cast spell 'Metabolic Englaciation'
  3977 | D:8      | XOM: confuse monster(s)
  3981 | D:8      | Reached XP level 10. HP: 32/47 MP: 8/11
  4058 | D:8      | Killed a two-headed ogre
  4185 | D:8      | Reached skill level 12 in Long Blades
  4357 | D:8      | XOM: noise
  4512 | D:9      | XOM: summons friendly quasit
  4560 | D:9      | XOM: polymorph quasit -> crimson imp
  4618 | D:9      | Noticed a two-headed ogre
  4624 | D:9      | XOM: silly message
  4640 | D:9      | XOM: potion effect (stabbing)
  4645 | D:9      | XOM: cast spell 'Statue Form'
  4648 | D:9      | Killed a two-headed ogre
  4673 | D:9      | XOM: 3-stop teleportation journey
  4750 | D:9      | Got a wavering bronze ring
  4759 | D:9      | Paralysed by a hornet for 1 turns
  4781 | D:9      | XOM: 2-stop teleportation journey
  5107 | D:9      | XOM: stat loss: -1 Int (11/12)
  5210 | D:9      | XOM: noise
  5268 | D:10     | Entered Level 10 of the Dungeon
  5299 | D:10     | Reached skill level 13 in Long Blades
  5343 | D:10     | Identified the ring "Xusoulli" {Fire *Drain Int+5 Dex+10
                  | Slay-4} (You found it on level 9 of the Dungeon)
  5375 | D:10     | Found a staircase to the Lair.
  5465 | D:10     | XOM: noise
  5582 | D:10     | XOM: summons friendly shadow imp
  5588 | D:10     | XOM: blink monster(s)
  5635 | D:10     | XOM: enchant monster (good)
  5638 | D:10     | XOM: swap monsters
  5646 | D:10     | Reached XP level 11. HP: 46/51 MP: 12/12
  5823 | D:10     | XOM: destruction
  5947 | D:10     | Noticed a seven-headed hydra
  5950 | D:10     | XOM: enchant monster (good)
  6006 | D:11     | Noticed a catoblepas
  6045 | D:11     | XOM: potion effect (magic)
  6048 | D:11     | XOM: polymorph iguana -> shapeshifter
  6079 | D:11     | Reached skill level 14 in Long Blades
  6140 | D:11     | Noticed a cyclops
  6163 | D:11     | Killed a cyclops
  6253 | D:11     | Noticed Harold
  6255 | D:11     | XOM: scenery: create altars
  6283 | D:11     | XOM: 2-stop teleportation journey
  6287 | D:11     | XOM: summons 11 friendly demons
  6333 | D:11     | XOM: summons 10 friendly demons
  6337 | D:11     | Killed a catoblepas
  6350 | D:11     | Killed Harold
  6353 | D:11     | XOM: snakes to sticks
  6362 | D:11     | XOM: 7-stop teleportation journey
  6389 | D:11     | Reached skill level 5 in Fighting
  6458 | D:11     | Noticed Erolcha
  6458 | D:11     | XOM: butterfly on damage
  6617 | D:11     | XOM: potion effect (berserk rage)
  6715 | D:11     | XOM: destruction
  6717 | D:11     | XOM: confuse monster(s)
  6730 | D:11     | XOM: polymorph big kobold -> shapeshifter
  6731 | D:11     | XOM: divine lightning
  6765 | D:11     | Noticed a three-headed hydra
  6775 | D:11     | XOM: enchant monster (good)
  6794 | D:11     | Killed a one-headed hydra
  6804 | D:11     | Noticed a wizard
  6808 | D:11     | XOM: scenery: create altars
  6828 | D:11     | Killed a wizard
  6941 | D:12     | Noticed Josephine
  6970 | D:11     | Killed Josephine
  7087 | D:12     | XOM: divination: magic mapping
  7111 | D:12     | Gained mutation: You heal very quickly. [Vine Stalker
                  | growth]
  7111 | D:12     | Reached XP level 12. HP: 62/65 MP: 13/13
  7122 | D:12     | XOM: cast spell 'Olgreb's Toxic Radiance'
  7141 | D:12     | XOM: enchant monster (good)
  7153 | D:12     | XOM: noise
  7246 | D:13     | Found a gate to the Vaults.
  7246 | D:13     | Noticed a centaur warrior
  7246 | D:13     | Noticed Rupert
  7246 | D:13     | Noticed a tengu warrior
  7246 | D:13     | Noticed Urug
  7302 | D:13     | XOM: confusion (+ monsters)
  7313 | D:12     | XOM: summons 2 hostile demons
  7315 | D:12     | XOM: enchant monster (bad)
  7316 | D:12     | XOM: smoke on damage
  7439 | D:12     | XOM: enchant monster (bad)
  7450 | D:12     | XOM: enchant monster (bad)
  7454 | D:12     | XOM: swap monsters
  7530 | D:11     | XOM: chaos upgrade
  7545 | D:11     | Noticed Erolcha
  7545 | D:11     | Erolcha changed into Erolcha the golden eye
  7545 | D:11     | XOM: polymorph Erolcha -> Erolcha the golden eye
  7565 | D:11     | Killed Erolcha the golden eye
  7600 | D:11     | Identified 2 scrolls of acquirement
  7605 | D:11     | Identified the +5 pair of gloves "Herypraj" {rElec rF- MP+9
                  | Str+4} (You acquired it on level 11 of the Dungeon)
  7608 | D:11     | wow
  7667 | D:11     | Reached skill level 1 in Stealth
  7764 | D:12     | XOM: fog
  7849 | D:12     | XOM: cast spell 'Statue Form'
  7882 | D:12     | Got a spiked ring mail
  7912 | D:12     | Identified the cursed +0 ring mail of the Devil {MP+9} (You
                  | found it on level 12 of the Dungeon)
  7962 | D:12     | XOM: give mutation
  7962 | D:12     | Gained mutation: You are somewhat resistant to further
                  | mutation. [Xom's grace]
  8006 | D:12     | Noticed Sonja
  8014 | D:12     | Reached skill level 5 in Stealth
  8022 | D:12     | Killed Sonja
  8147 | D:12     | XOM: silly message
  8150 | D:12     | XOM: god gift: steaming lapis lazuli ring {god gift}
  8151 | D:12     | Got a steaming lapis lazuli ring {god gift}
  8166 | D:12     | Identified the ring "Ereol" {+Inv rCorr} (Xom gifted it to
                  | you on level 12 of the Dungeon)
  8184 | D:12     | Killed Urug
  8323 | D:10     | Killed a one-headed hydra
  8351 | D:10     | XOM: chaos upgrade
  8453 | D:10     | Found a staircase to the Orcish Mines.
  8592 | Orc:1    | Entered Level 1 of the Orcish Mines
  8691 | Lair:1   | Entered Level 1 of the Lair of Beasts
  8739 | Lair:1   | XOM: blink monster(s)
  8941 | Lair:1   | XOM: summons 6 hostile demons
  9090 | Lair:1   | Noticed a four-headed hydra
  9091 | Lair:1   | Noticed Grum
  9128 | Lair:1   | Killed a one-headed hydra
  9131 | Lair:1   | Killed Grum
  9172 | Lair:1   | Reached skill level 5 in Armour
  9336 | Lair:1   | XOM: scenery: create altars
  9357 | Lair:1   | XOM: divination: detect items
  9452 | Lair:1   | XOM: give mutation
  9452 | Lair:1   | Gained mutation: You have sharp toenails. [Xom's grace]
  9471 | Lair:1   | Reached XP level 13. HP: 70/70 MP: 14/14
  9534 | Lair:2   | XOM: divination: magic mapping
  9698 | Lair:2   | XOM: 1-stop teleportation journey
  9701 | Lair:2   | XOM: noise
  9710 | Lair:2   | XOM: enchant monster (bad)
  9727 | Lair:2   | XOM: noise
  9728 | Lair:2   | XOM: 2-stop teleportation journey
  9744 | Lair:2   | Found a runed translucent gate.
  9745 | Lair:2   | Found a runed translucent gate.
  9745 | Lair:2   | Found a runed translucent gate.
  9746 | Lair:2   | Noticed Suoleg's ghost (journeyman FoFi)
  9747 | Lair:2   | Noticed coffeespoons's ghost (journeyman MiWr)
  9747 | Lair:2   | Noticed Katsion's ghost (journeyman FeSk)
  9801 | Lair:2   | XOM: enchant monster (bad)
  9805 | Lair:2   | XOM: confuse monster(s)
  9820 | Lair:2   | XOM: summons 7 hostile demons
 10082 | Lair:3   | XOM: 2-stop teleportation journey
 10109 | Lair:3   | XOM: summons 7 hostile demons
 10159 | Lair:3   | XOM: noise
 10166 | Lair:3   | XOM: stat loss: -1 Int (11/12)
 10287 | Lair:3   | XOM: give mutation
 10287 | Lair:3   | Gained mutation: Your body sometimes deteriorates upon
                  | taking damage. [Xom's mischief]
 10313 | Lair:4   | XOM: smoke on damage
 10364 | Lair:4   | Found a blossoming altar of Fedhas.
 10459 | Lair:4   | XOM: chaos cloud
 10469 | Lair:4   | XOM: give mutations
 10469 | Lair:4   | Gained mutation: You are weak. (Str -2) [Xom's mischief]
 10469 | Lair:4   | Lost mutation: Your body sometimes deteriorates upon taking
                  | damage. [Xom's mischief]
 10469 | Lair:4   | Gained mutation: You are clumsy. (Dex -2) [Xom's mischief]
 10469 | Lair:4   | Lost mutation: You are somewhat resistant to further
                  | mutation. [Xom's mischief]
 10536 | Lair:4   | XOM: polymorph yak -> hog
 10546 | Lair:4   | Got a pitted ring mail
 10551 | Lair:4   | Reached skill level 15 in Long Blades
 10562 | Lair:4   | Identified the cursed +1 ring mail "Tiene" {rElec} (You
                  | found it on level 4 of the Lair of Beasts)
 10599 | Lair:4   | Found a staircase to the Swamp.
 10636 | Lair:3   | XOM: silly message
 10656 | Lair:4   | XOM: potion effect (haste)
 10914 | Lair:5   | XOM: summons friendly quasit
 10922 | Lair:5   | XOM: silly message
 10931 | Lair:5   | Found a viscous altar of Jiyva.
 10931 | Lair:5   | Found a staircase to the Slime Pits.
 10931 | Lair:5   | XOM: 6-stop teleportation journey
 10967 | Lair:5   | XOM: divination: detect items
 11007 | Lair:5   | XOM: confuse monster(s)
 11008 | Lair:5   | XOM: polymorph death yak -> shapeshifter
 11012 | Lair:5   | XOM: confuse monster(s)
 11015 | Lair:5   | XOM: polymorph eye of draining -> shapeshifter
 11022 | Lair:5   | XOM: cleaving
 11030 | Lair:5   | Reached XP level 14. HP: 58/75 MP: 15/15
 11059 | Lair:5   | XOM: divination: magic mapping
 11076 | Lair:5   | Found the +7 sceptre of Torment {pain, torment}
 11141 | Lair:5   | XOM: enchant monster (good)
 11151 | Lair:5   | Reached skill level 16 in Long Blades
 11377 | Lair:6   | Entered Level 6 of the Lair of Beasts
 11379 | Lair:6   | XOM: destruction
 11382 | Lair:6   | XOM: enchant monster (good)
 11510 | Lair:6   | XOM: noise
 11587 | Lair:6   | XOM: enchant monster (good)
 11756 | Lair:6   | XOM: give mutations
 11756 | Lair:6   | Gained mutation: Scrolls take you a little longer to read.
                  | [Xom's mischief]
 11756 | Lair:6   | Gained mutation: You are dopey. (Int -2) [Xom's mischief]
 11756 | Lair:6   | Lost mutation: Scrolls take you a little longer to read.
                  | [Xom's mischief]
 11760 | Lair:6   | XOM: polymorph yak -> troll
 11803 | Lair:6   | Reached skill level 17 in Long Blades
 11805 | Lair:6   | XOM: divination: magic mapping
 11929 | Lair:6   | XOM: divination: detect items
 11975 | Lair:6   | XOM: 8-stop teleportation journey
 12144 | Lair:6   | XOM: scenery: create altars
 12155 | Lair:6   | XOM: enchant monster (good)
 12174 | Lair:6   | XOM: summons friendly ufetubus
 12204 | Lair:6   | XOM: enchant monster (good)
 12251 | Lair:6   | XOM: 2-stop teleportation journey
 12428 | Lair:6   | XOM: polymorph black mamba -> salamander
 12432 | Lair:6   | XOM: divination: magic mapping
 12441 | Lair:6   | Reached skill level 1 in Spellcasting
 12448 | Lair:6   | XOM: smoke on damage
 12450 | Lair:6   | XOM: summons friendly white imp
 12464 | Lair:6   | Learned a level 4 spell: Summon Lightning Spire
 12483 | Lair:6   | Reached skill level 1 in Air Magic
 12514 | Lair:6   | XOM: 1-stop teleportation journey
 12538 | Lair:6   | Lost mutation: You are clumsy. (Dex -2) [potion of
                  | mutation]
 12538 | Lair:6   | Lost mutation: You have sharp toenails. [potion of
                  | mutation]
 12538 | Lair:6   | Lost mutation: You are dopey. (Int -2) [potion of mutation]
 12538 | Lair:6   | Lost mutation: You are weak. (Str -2) [potion of mutation]
 12538 | Lair:6   | Gained mutation: You are robust. (+10% HP) [potion of
                  | mutation]
 12538 | Lair:6   | Gained mutation: You have sharp fingernails. [potion of
                  | mutation]
 12635 | Lair:6   | XOM: scenery: create altars
 12644 | Lair:6   | XOM: enchant monster (good)
 12649 | Lair:6   | Reached skill level 1 in Evocations
 12679 | Lair:6   | Reached XP level 15. HP: 49/86 MP: 19/19
 12814 | Lair:6   | XOM: chaos cloud
 12884 | Lair:6   | XOM: scenery: create altars
 13027 | Lair:2   | Killed Suoleg's ghost
 13030 | Lair:2   | XOM: cast spell 'Cause Fear'
 13034 | Lair:2   | Killed coffeespoons's ghost
 13048 | Lair:2   | XOM: cast spell 'Death Channel'
 13049 | Lair:2   | Killed Katsion's ghost
 13237 | D:10     | XOM: enchant monster (bad)
 13334 | Orc:1    | Reached skill level 5 in Evocations
 13338 | Orc:1    | XOM: confuse monster(s)
 13347 | Orc:1    | Noticed an orc warlord
 13381 | D:10     | Killed an orc warlord
 13481 | Orc:1    | XOM: give mutations
 13481 | Orc:1    | Gained mutation: You are covered in fur. (AC +1) [Xom's
                  | grace]
 13481 | Orc:1    | Gained mutation: You are partially covered in slimy green
                  | scales. (AC +2) [Xom's grace]
 13585 | Orc:1    | XOM: 7-stop teleportation journey
 13598 | Orc:1    | Found Zabuuj's Food Boutique.
 13701 | Orc:1    | Noticed Maurice
 13704 | Orc:1    | XOM: fog
 13708 | Orc:1    | Killed Maurice
 13709 | Orc:1    | XOM: scenery: 1 doors open
 13766 | Orc:1    | XOM: 2-stop teleportation journey
 13893 | Orc:2    | Entered Level 2 of the Orcish Mines
 13898 | Orc:2    | XOM: destruction
 13944 | Orc:2    | Noticed Nessos
 13959 | Orc:2    | Killed Nessos
 13965 | Orc:2    | XOM: summons 2 hostile demons
 14049 | Orc:2    | Found a staircase to the Elven Halls.
 14128 | Orc:2    | Reached skill level 18 in Long Blades
 14161 | Orc:2    | XOM: confuse monster(s)
 14240 | Orc:2    | XOM: polymorph something unseen -> hound
 14246 | Orc:2    | Paralysed by an orc sorcerer for 2 turns
 14281 | Orc:2    | Noticed an orc warlord
 14333 | Orc:2    | XOM: polymorph orc priest -> swamp drake
 14337 | Orc:2    | Killed an orc warlord
 14577 | Orc:2    | XOM: blink monster(s)
 14787 | Orc:2    | XOM: god gift: glowing great sword {god gift}
 14822 | Orc:2    | XOM: god gift: 5 javelins
 14863 | Orc:2    | Found Xuagusm's Antique Armour Emporium.
 14864 | Orc:2    | Found Kyibo's Antique Weapon Emporium.
 14865 | Orc:2    | Found Raskaid's General Store.
 14865 | Orc:2    | Found Junet's Book Shoppe.
 14881 | Orc:2    | Bought a twisted scale mail for 261 gold pieces
 14894 | Orc:2    | Identified the +4 scale mail of Impatience {-Cast *Corrode
                  | rElec Int+8} (You bought it in a shop on level 2 of the
                  | Orcish Mines)
 14894 | Orc:2    | Bought an encrusted ring mail for 261 gold pieces
 14906 | Orc:2    | Identified the cursed +0 ring mail of Fuaseink {rElec Dex+2
                  | SInv} (You bought it in a shop on level 2 of the Orcish
                  | Mines)
 14916 | Orc:2    | XOM: give mutations
 14916 | Orc:2    | Gained mutation: You regenerate. [Xom's grace]
 14916 | Orc:2    | Gained mutation: You have large cloven feet. [Xom's grace]
 14916 | Orc:2    | Gained mutation: You can translocate small distances at
                  | will. [Xom's grace]
 14916 | Orc:2    | Gained mutation: Your spells are a little harder to cast,
                  | but a little more powerful. [Xom's grace]
 14927 | Orc:2    | Bought a book of Minor Magic for 280 gold pieces
 14931 | Orc:2    | Learned a level 2 spell: Blink
 14932 | Orc:2    | Bought a book of Cantrips for 280 gold pieces
 14934 | Orc:2    | Learned a level 1 spell: Apportation
 14941 | Orc:2    | Learned a level 6 spell: Statue Form
 15135 | Orc:1    | Found Vuchadag's Magic Scroll Shop.
 15174 | Orc:1    | Found Yxint's Food Emporium.
 15178 | Orc:1    | Bought a scroll of enchant weapon for 82 gold pieces
 15178 | Orc:1    | Bought a scroll of magic mapping for 38 gold pieces
 15179 | Orc:1    | Bought a scroll of teleportation for 33 gold pieces
 15179 | Orc:1    | Bought a scroll of teleportation for 33 gold pieces
 15179 | Orc:1    | Bought a scroll of fear for 38 gold pieces
 15179 | Orc:1    | Bought a scroll of silence for 82 gold pieces
 15186 | Orc:1    | XOM: stat loss: -1 Int (19/20)
 15269 | D:10     | XOM: divination: detect items
 15408 | Lair:1   | XOM: scenery: create altars
 15517 | Swamp:1  | Entered Level 1 of the Swamp
 15530 | Lair:4   | XOM: divination: magic mapping
 15609 | Swamp:1  | XOM: summons 15 friendly demons
 15865 | Swamp:2  | XOM: scenery: create altars
 15866 | Swamp:2  | XOM: polymorph alligator -> tyrant leech
 15867 | Swamp:2  | Reached skill level 19 in Long Blades
 16034 | Swamp:2  | Noticed a thorn hunter
 16050 | Swamp:2  | Killed a thorn hunter
 16050 | Swamp:2  | Reached XP level 16. HP: 88/92 MP: 21/21
 16079 | Swamp:1  | Identified the +8 great sword "Icolep" {vamp, *Noise rN+
                  | Str+4 Dex+2} (You acquired it on level 1 of the Swamp)
 16079 | Swamp:1  | Identified the -3 buckler of Oqujel {rPois rF+ rC+} (You
                  | acquired it on level 1 of the Swamp)
 16143 | Swamp:3  | XOM: noise
 16165 | Swamp:3  | XOM: confuse monster(s)
 16205 | Swamp:3  | Noticed a thorn hunter
 16216 | Swamp:3  | Killed a thorn hunter
 16294 | Swamp:4  | Entered Level 4 of the Swamp
 16316 | Swamp:4  | XOM: 1-stop teleportation journey
 16383 | Swamp:4  | XOM: cloud trail
 16384 | Swamp:4  | Noticed Aizul
 16398 | Swamp:4  | XOM: confusion (+ monsters)
 16400 | Swamp:4  | Noticed Aizul
 16400 | Swamp:4  | Aizul changed into Aizul the five-headed hydra
 16400 | Swamp:4  | XOM: polymorph Aizul -> Aizul the five-headed hydra
 16404 | Swamp:4  | Killed Aizul the three-headed hydra
 16496 | Swamp:4  | Paralysed by a hornet for 2 turns
 16512 | Swamp:4  | XOM: confuse monster(s)
 16625 | Swamp:4  | XOM: 1-stop teleportation journey
 16633 | Swamp:4  | XOM: 3-stop teleportation journey
 16643 | Swamp:4  | XOM: draining
 16649 | Swamp:4  | XOM: summons 2 friendly demons
 16654 | Swamp:4  | XOM: scenery: create altars
 16672 | Swamp:4  | XOM: silly message
 16764 | Swamp:4  | Noticed a thorn hunter
 16765 | Swamp:4  | XOM: potion effect (magic)
 16766 | Swamp:4  | Noticed Mara
 16768 | Swamp:4  | XOM: cast spell 'Statue Form'
 16773 | Swamp:4  | XOM: confuse monster(s)
 16818 | Swamp:4  | XOM: silly message
 16860 | Swamp:4  | Killed Mara
 16900 | Swamp:4  | XOM: scenery: create altars
 16936 | Swamp:4  | Reached skill level 20 in Long Blades
 16960 | Swamp:4  | XOM: divination: magic mapping
 16966 | Swamp:4  | Killed a thorn hunter
 17083 | Swamp:4  | XOM: summons friendly iron imp
 17115 | Swamp:4  | XOM: divination: detect creatures
 17231 | Swamp:4  | Got a decaying rune of Zot
 17345 | Lair:4   | XOM: enchant monster (bad)
 17346 | Lair:4   | XOM: scenery: create altars
 17366 | Lair:4   | XOM: scenery: create altars
 17369 | Lair:4   | Found a staircase to the Snake Pit.
 17385 | Snake:1  | Entered Level 1 of the Snake Pit
 17415 | Snake:1  | XOM: fog
 17424 | Snake:1  | XOM: enchant monster (bad)
 17467 | Snake:1  | XOM: noise
 17485 | Snake:1  | Reached XP level 17. HP: 73/96 MP: 17/22
 17504 | Snake:1  | XOM: god gift: ration
 17596 | Snake:2  | XOM: 3-stop teleportation journey
 17634 | Snake:2  | Learned a level 1 spell: Summon Butterflies
 17744 | Snake:2  | XOM: snakes to sticks
 17746 | Snake:2  | XOM: smoke on damage
 17772 | Snake:2  | XOM: cleaving
 17854 | Snake:2  | Found a glowing silver altar of Zin.
 17904 | Snake:3  | XOM: cleaving
 17916 | Snake:3  | XOM: cloud trail
 17926 | Snake:3  | Noticed Saint Roka
 17964 | Snake:3  | XOM: chaos upgrade
 17986 | Snake:3  | Killed Saint Roka
 17986 | Snake:3  | Reached skill level 5 in Spellcasting
 18189 | Snake:4  | Entered Level 4 of the Snake Pit
 18224 | Snake:4  | XOM: enchant monster (good)
 18237 | Snake:4  | XOM: swap monsters
 18261 | Snake:4  | Reached skill level 1 in Transmutations
 18311 | Snake:4  | XOM: confusion
 18313 | Snake:4  | XOM: blink monster(s)
 18323 | Snake:4  | Got a serpentine rune of Zot
 18326 | Snake:4  | XOM: silly message
 18397 | Snake:4  | XOM: divination: detect creatures
 18402 | Snake:4  | XOM: divination: magic mapping
 18403 | Snake:4  | XOM: divination: magic mapping
 18415 | Snake:4  | XOM: summons 2 friendly demons
 18425 | Snake:4  | Found Ysheyfac's Gadget Boutique.
 18428 | Snake:4  | Found Ynuewkix's Distillery.
 18428 | Snake:4  | Found Irius's Magic Scroll Shop.
 18433 | Snake:4  | Found Cieromes's Distillery.
 18436 | Snake:4  | Bought a potion of brilliance for 48 gold pieces
 18436 | Snake:4  | Bought a potion of magic for 96 gold pieces
 18445 | Snake:4  | Bought a scroll of teleportation for 45 gold pieces
 18452 | Snake:4  | XOM: god gift: scroll of fear
 18462 | Snake:4  | Bought a potion of haste for 120 gold pieces
 18462 | Snake:4  | Bought a potion of haste for 120 gold pieces
 18462 | Snake:4  | Bought a potion of curing for 36 gold pieces
 18462 | Snake:4  | Bought a potion of lignification for 36 gold pieces
 18899 | Elf:1    | Entered Level 1 of the Elven Halls
 18908 | Elf:1    | XOM: summons friendly crimson imp
 18913 | Elf:1    | Reached skill level 5 in Transmutations
 19000 | Elf:1    | XOM: scenery: 2 doors open, 2 doors close
 19010 | Elf:1    | XOM: enchant monster (good)
 19038 | Elf:1    | Found Utyuveh's Armour Shop.
 19084 | Elf:1    | XOM: confuse monster(s)
 19258 | Elf:1    | XOM: potion effect (invisibility)
 19263 | Elf:1    | XOM: 1-stop teleportation journey
 19318 | Elf:1    | Found a runed translucent gate.
 19318 | Elf:1    | Found a runed translucent gate.
 19318 | Elf:1    | Found a runed translucent gate.
 19318 | Elf:1    | Found a runed translucent gate.
 19318 | Elf:1    | Found a runed translucent gate.
 19340 | Elf:1    | Reached XP level 18. HP: 101/101 MP: 23/27
 19341 | Elf:1    | Found a runed translucent gate.
 19417 | Elf:1    | Bought the +7 chain mail of the Realm of Zot {rC+ Stlth+}
                  | for 619 gold pieces
 19591 | Elf:2    | Noticed a deep elf master archer
 19605 | Elf:2    | Killed a deep elf master archer
 19605 | Elf:2    | Reached skill level 1 in Earth Magic
 19626 | Elf:2    | XOM: fake destruction
 19649 | Elf:2    | XOM: summons friendly iron imp
 19664 | Elf:2    | XOM: scenery: 1 doors close
 19671 | Elf:2    | Reached skill level 5 in Earth Magic
 19782 | Elf:2    | Found a runed translucent gate.
 19782 | Elf:2    | Found a runed translucent gate.
 19783 | Elf:2    | Found a runed translucent gate.
 19841 | Elf:2    | XOM: 1-stop teleportation journey
 19870 | Elf:2    | XOM: enchant monster (bad)
 19875 | Elf:2    | XOM: swap monsters
 19900 | Elf:2    | Found an ancient bone altar of Kikubaaqudgha.
 19902 | Elf:2    | XOM: 1-stop teleportation journey
 19904 | Elf:2    | XOM: swap monsters
 19915 | Elf:2    | XOM: summons 2 friendly demons
 19986 | Elf:3    | Entered Level 3 of the Elven Halls
 20156 | Elf:3    | XOM: enchant monster (bad)
 20157 | Elf:3    | XOM: summons 3 friendly demons
 20172 | Elf:3    | XOM: chaos upgrade
 20208 | Elf:3    | Noticed a Brimstone Fiend
 20283 | Elf:3    | Identified the +1 trident of Megalomania {vamp, *Corrode
                  | Int+7}
 20311 | Elf:3    | Noticed a deep elf blademaster
 20313 | Elf:3    | Identified the cursed +2 flail "Areu" {distort, Str+3}
 20318 | Elf:3    | XOM: blink monster(s)
 20319 | Elf:3    | Killed a deep elf blademaster
 20322 | Elf:3    | XOM: polymorph deep elf sorcerer -> catoblepas
 20328 | Elf:3    | Reached skill level 10 in Earth Magic
 20344 | Elf:3    | Noticed a deep elf master archer
 20346 | Elf:3    | XOM: cleaving
 20346 | Elf:3    | Identified the +3 scimitar of the Hand {vorpal, rF- rC+
                  | Int+2 SInv}
 20367 | Elf:3    | Killed a deep elf master archer
 20367 | Elf:3    | Noticed a deep elf blademaster
 20384 | Elf:3    | XOM: swap monsters
 20385 | Elf:3    | XOM: blink monster(s)
 20387 | Elf:3    | XOM: summons friendly white imp
 20397 | Elf:3    | Noticed a deep elf master archer
 20402 | Elf:3    | Killed a deep elf blademaster
 20412 | Elf:3    | Killed a deep elf master archer
 20412 | Elf:3    | Reached XP level 19. HP: 59/105 MP: 26/28
 20418 | Elf:3    | Identified the +10 dagger "Naickaat" {vamp, rN++ Int+2
                  | Dex-3}
 20541 | Elf:3    | Identified Joakk's Grimoire of the Rocks and Unholy Rituals
 20558 | Elf:3    | Reached skill level 10 in Transmutations
 20593 | Elf:3    | XOM: potion effect (stabbing)
 20790 | Elf:3    | XOM: cleaving
 20878 | Elf:3    | Paralysed by a floating eye for 4 turns
 20966 | Elf:3    | XOM: scenery: 2 doors close
 20988 | Elf:3    | XOM: silly message
 21053 | Elf:3    | XOM: silly message
 21319 | Elf:2    | XOM: polymorph deep elf mage -> water nymph
 21352 | Elf:1    | XOM: 3-stop teleportation journey
 21480 | Orc:1    | Bought a scroll of enchant armour for 82 gold pieces
 21589 | D:13     | XOM: potion effect (might)
 21604 | D:13     | Killed Rupert
 21643 | D:13     | XOM: 1-stop teleportation journey
 21657 | D:13     | XOM: summons 1 hostile demon
 21843 | D:13     | XOM: draining
 21924 | D:13     | Found Nozed's Weapon Emporium.
 22008 | D:13     | XOM: stat loss: -1 Str (24/25)
 22010 | D:13     | XOM: noise
 22269 | D:13     | Identified the Compendium of Sand
 22276 | D:13     | Identified the Compendium of Combed Thunderclap
 22305 | D:13     | Identified Ts'ui Pên's Grimoire of Forking Paths
 22311 | D:13     | XOM: give mutations
 22311 | D:13     | Lost mutation: Your spells are a little harder to cast, but
                  | a little more powerful. [Xom's mischief]
 22311 | D:13     | Gained mutation: You are clumsy. (Dex -2) [Xom's mischief]
 22329 | Vaults:1 | Entered Level 1 of the Vaults
 22337 | Vaults:1 | XOM: cleaving
 22361 | Vaults:1 | XOM: smoke on damage
 22386 | Vaults:1 | XOM: silly message
 22395 | Vaults:1 | XOM: 3-stop teleportation journey
 22422 | Vaults:1 | XOM: give mutations
 22422 | Vaults:1 | Lost mutation: You are covered in fur. (AC +1) [Xom's
                  | mischief]
 22422 | Vaults:1 | Lost mutation: You have sharp fingernails. [Xom's mischief]
 22422 | Vaults:1 | Lost mutation: You are robust. (+10% HP) [Xom's mischief]
 22422 | Vaults:1 | Gained mutation: You are frail. (-10% HP) [Xom's mischief]
 22430 | Vaults:1 | XOM: stat loss: -1 Int (12/13)
 22487 | Vaults:1 | Paralysed by fainting for 10 turns
 22496 | Vaults:1 | XOM: enchant monster (good)
 22529 | Vaults:1 | XOM: chaos cloud
 22531 | Vaults:1 | Paralysed by you for 3 turns
 22544 | Vaults:1 | XOM: stat loss: -1 Str (20/21)
 22823 | Vaults:1 | XOM: noise
 22856 | Vaults:1 | XOM: confuse monster(s)
 22897 | Vaults:1 | XOM: confusion
 22898 | Vaults:1 | XOM: swap monsters
 22901 | Vaults:1 | XOM: polymorph yaktaur captain -> emperor scorpion
 22972 | Vaults:1 | XOM: chaos cloud
 22980 | Vaults:1 | Reached XP level 20. HP: 90/90 MP: 27/29
 22995 | Vaults:1 | XOM: polymorph orb spider -> shapeshifter
 23085 | Vaults:1 | XOM: 5-stop teleportation journey
 23294 | Vaults:2 | Found a staircase to the Crypt.
 23325 | Crypt:1  | Entered Level 1 of the Crypt
 23376 | Crypt:1  | XOM: blink monster(s)
 23379 | Crypt:1  | Noticed Sojobo
 23388 | Crypt:1  | XOM: cast spell 'Olgreb's Toxic Radiance'
 23390 | Crypt:1  | Reached skill level 15 in Transmutations
 23392 | Crypt:1  | XOM: summons friendly shadow imp
 23406 | Crypt:1  | XOM: potion effect (haste)
 23410 | Crypt:1  | Killed Sojobo
 23599 | Crypt:2  | XOM: divination: detect creatures
 23610 | Crypt:2  | Noticed a greater mummy
 23622 | Crypt:2  | XOM: enchant monster (good)
 23622 | Crypt:2  | Killed a greater mummy
 23629 | Crypt:2  | XOM: divine lightning
 23632 | Crypt:2  | Noticed Khufu
 23635 | Crypt:2  | XOM: fake destruction
 23636 | Crypt:2  | XOM: fog
 23640 | Crypt:2  | Killed Khufu
 23957 | Crypt:3  | Entered Level 3 of the Crypt
 23998 | Crypt:3  | XOM: cleaving
 24001 | Crypt:3  | XOM: summons friendly white imp
 24058 | Crypt:3  | Learned a level 5 spell: Irradiate
 24112 | Crypt:3  | Reached skill level 1 in Conjurations
 24150 | Crypt:3  | XOM: 3-stop teleportation journey
 24161 | Crypt:3  | XOM: destruction
 24163 | Crypt:3  | Found a staircase to the Tomb.
 24186 | Crypt:3  | XOM: summons friendly rust devil
 24209 | Crypt:3  | XOM: cleaving
 24383 | Crypt:3  | Got a twitching golden ring
 24384 | Crypt:3  | Identified the ring "Mysh" {rElec MR+} (You found it on
                  | level 3 of the Crypt)
 24396 | Crypt:3  | o________o
 24526 | Crypt:3  | Reached skill level 10 in Fighting
 24538 | Crypt:3  | Identified the Compendium of Necromancy
 24662 | Crypt:3  | Reached XP level 21. HP: 96/96 MP: 30/30
 24700 | Crypt:3  | XOM: god gift: 13 stones
 24705 | Crypt:3  | XOM: confuse monster(s)
 24976 | Crypt:3  | Found an ancient bone altar of Kikubaaqudgha.
 25037 | Crypt:3  | Noticed an ancient lich
 25045 | Crypt:3  | Killed an ancient lich
 25430 | Vaults:2 | XOM: god gift: leather armour {god gift}
 25446 | Vaults:2 | XOM: enchant monster (good)
 25524 | Vaults:2 | Found a portal to a secret trove of treasure.
 25541 | Vaults:2 | XOM: god gift: potion of might
 25544 | Vaults:2 | XOM: scenery: create altars
 25647 | Vaults:2 | XOM: god gift: 1050 gold pieces
 25818 | Vaults:3 | Found Kupyhuis's Magic Scroll Emporium.
 25830 | Vaults:3 | Bought a scroll of blinking for 112 gold pieces
 25830 | Vaults:3 | Bought a scroll of teleportation for 45 gold pieces
 25830 | Vaults:3 | Bought a scroll of blinking for 112 gold pieces
 25830 | Vaults:3 | Bought a scroll of holy word for 112 gold pieces
 25830 | Vaults:3 | Bought a scroll of magic mapping for 52 gold pieces
 25855 | Vaults:3 | Found Zyoh's Jewellery Shoppe.
 25863 | Vaults:3 | Bought an uncursed ring of protection from fire for 400
                  | gold pieces
 25915 | Vaults:3 | XOM: divination: magic mapping
 25921 | Vaults:3 | XOM: summons 3 friendly demons
 25953 | Vaults:3 | Found Bownea's Gadget Boutique.
 26006 | Vaults:3 | Noticed Frederick
 26006 | Vaults:3 | Noticed Frederick
 26006 | Vaults:3 | Frederick changed into Frederick the shard shrike
 26006 | Vaults:3 | XOM: polymorph Frederick -> Frederick the shard shrike
 26082 | Vaults:3 | XOM: god gift: wand of random effects (21)
 26093 | Vaults:3 | Killed Frederick the shard shrike
 26158 | Vaults:3 | XOM: scenery: 1 doors close
 26159 | Vaults:3 | XOM: polymorph ironbrand convoker -> dream sheep
 26168 | Vaults:3 | HP: 1/102 [orc warrior/+0 short sword[an orc knight] (23)]
 26400 | Vaults:3 | XOM: cleaving
 26434 | Vaults:3 | XOM: cloud trail
 26444 | Vaults:3 | XOM: silly message
 26496 | Vaults:3 | XOM: 2-stop teleportation journey
 26541 | Vaults:3 | XOM: polymorph deep elf knight -> fire dragon
 26630 | Vaults:3 | XOM: polymorph yaktaur -> redback
 26632 | Vaults:3 | XOM: confusion (+ monsters)
 26654 | Vaults:3 | XOM: smoke on damage
 26665 | Vaults:3 | XOM: swap monsters
 26736 | Vaults:3 | XOM: summons 2 friendly demons
 26784 | Vaults:3 | XOM: confusion
 26791 | Vaults:3 | Reached XP level 22. HP: 107/107 MP: 34/34
 26980 | Vaults:3 | Found Geuwkiun's Food Shoppe.
 27102 | Vaults:4 | XOM: 1-stop teleportation journey
 27255 | Vaults:4 | XOM: give mutations
 27255 | Vaults:4 | Lost mutation: You are frail. (-10% HP) [Xom's mischief]
 27255 | Vaults:4 | Gained mutation: You are partially covered in yellow
                  | scales. (AC +2) [Xom's mischief]
 27308 | Vaults:5 | Entered Level 5 of the Vaults
 27310 | Vaults:5 | wat
 27313 | Vaults:5 | XOM: summons friendly crimson imp
 27319 | Vaults:5 | XOM: silly message
 27329 | Vaults:5 | Noticed Boris
 27329 | Vaults:5 | XOM: noise
 27339 | Vaults:5 | Killed Boris
 27339 | Vaults:5 | Reached skill level 10 in Spellcasting
 27369 | Vaults:5 | XOM: confuse monster(s)
 27393 | Vaults:5 | XOM: cleaving
 27408 | Vaults:5 | XOM: draining
 27410 | Vaults:5 | XOM: enchant monster (bad)
 27437 | Vaults:5 | XOM: silly message
 27533 | Vaults:5 | XOM: 1-stop teleportation journey
 27536 | Vaults:5 | XOM: swap monsters
 27539 | Vaults:5 | XOM: noise
 27546 | Vaults:5 | Reached skill level 1 in Summonings
 27550 | Vaults:5 | XOM: noise
 27552 | Vaults:5 | XOM: fog
 27589 | Vaults:5 | Identified the Collected Works on Poison and Cold
 27650 | Vaults:5 | Identified Sif Muna's Disquisition on Sinister Flight
 27668 | Vaults:5 | Reached skill level 5 in Summonings
 27671 | Vaults:5 | XOM: potion effect (brilliance)
 27697 | Vaults:5 | XOM: cast spell 'Summon Butterflies'
 27855 | Vaults:5 | Reached XP level 23. HP: 123/123 MP: 41/41
 27864 | Vaults:5 | XOM: smoke on damage
 27865 | Vaults:5 | XOM: potion effect (might)
 27974 | Vaults:5 | Identified the +9 scale mail "Singotuf" {rF+ rC+ Str+4
                  | Slay+2}
 27974 | Vaults:5 | Identified the ring of Paranoia {Wiz +Fly}
 28113 | Vaults:5 | Noticed Xtahua
 28121 | Vaults:5 | Killed Xtahua
 28224 | Vaults:5 | XOM: summons friendly iron imp
 28304 | Vaults:5 | XOM: potion effect (magic)
 28311 | Vaults:5 | Identified the amulet of Codoont {Acrobat Str+4 Int+4}
 28313 | Vaults:5 | XOM: destruction
 28314 | Vaults:5 | Reached skill level 10 in Summonings
 28481 | Vaults:5 | Got a silver rune of Zot
 28690 | Vaults:1 | XOM: enchant monster (good)
 28780 | D:10     | XOM: scenery: 1 doors open, 2 doors close
 28811 | D:10     | XOM: god gift: robe {god gift}
 28903 | Slime:1  | Entered Level 1 of the Pits of Slime
 28975 | Slime:1  | XOM: polymorph slime creature -> shapeshifter
 28977 | Slime:1  | XOM: destruction
 28978 | Slime:1  | XOM: fog
 29002 | Slime:1  | Learned a level 7 spell: Monstrous Menagerie
 29012 | Slime:3  | XOM: divination: magic mapping
 29016 | Slime:3  | XOM: fog
 29037 | Slime:4  | Gained mutation: Your magical capacity is low. (-10% MP)
                  | [mutagenic glow]
 29067 | Slime:5  | Entered Level 5 of the Pits of Slime
 29070 | Slime:5  | Noticed Dissolution
 29072 | Slime:5  | XOM: summons 16 friendly demons
 29076 | Slime:5  | XOM: polymorph shining eye -> deep troll
 29076 | Slime:5  | Noticed the Royal Jelly
 29077 | Slime:5  | XOM: fake destruction
 29084 | Slime:4  | Killed Dissolution
 29402 | Slime:3  | XOM: scenery: create altars
 29601 | Slime:5  | XOM: polymorph azure jelly -> frost giant
 29785 | Slime:5  | XOM: butterfly on damage
 29933 | Slime:4  | Reached XP level 24. HP: 128/128 MP: 37/37
 29972 | Slime:5  | Found a viscous altar of Jiyva.
 29985 | Slime:5  | XOM: divination: detect items
 29995 | Slime:5  | XOM: destruction
 29997 | Slime:5  | XOM: scenery: create altars
 29998 | Slime:5  | XOM: repel stairs
 29999 | Slime:5  | XOM: give mutation
 29999 | Slime:5  | Gained mutation: Scrolls take you a little longer to read.
                  | [Xom's mischief]
 30010 | Slime:5  | XOM: noise
 30012 | Slime:5  | XOM: summons friendly iron imp
 30017 | Slime:5  | Killed the Royal Jelly
 30041 | Slime:5  | Gained mutation: You are weak. (Str -2) [a shining eye]
 30046 | Slime:5  | XOM: noise
 30054 | Slime:5  | Identified Ceidwasm's Tome of Creation and Displacement
 30071 | Slime:5  | Identified the +1 robe of Geaffeqi {Str-4 Dex+5} (You found
                  | it on level 5 of the Pits of Slime)
 30103 | Slime:5  | Got a clouded golden ring
 30106 | Slime:5  | Identified the ring "Ruruef" {rElec rPois rF+ Dex-5} (You
                  | found it on level 5 of the Pits of Slime)
 30126 | Slime:5  | Identified the cursed ring of the Tempest {rElec Slay-2}
                  | (You found it on level 5 of the Pits of Slime)
 30127 | Slime:5  | Got a slimy rune of Zot
 30199 | Slime:3  | XOM: give mutation
 30199 | Slime:3  | Lost mutation: Scrolls take you a little longer to read.
                  | [Xom's mischief]
 30292 | Lair:1   | XOM: summons 2 hostile shadow creatures
 30381 | D:14     | Reached skill level 15 in Summonings
 30399 | D:14     | Found Hazxausch's Magic Scroll Shoppe.
 30404 | D:14     | Bought a scroll of blinking for 112 gold pieces
 30404 | D:14     | Bought 2 scrolls of magic mapping for 105 gold pieces
 30513 | D:15     | Entered Level 15 of the Dungeon
 30559 | D:15     | Found a runed translucent gate.
 30559 | D:15     | Found a runed translucent gate.
 30559 | D:15     | Found a runed translucent gate.
 30559 | D:15     | Noticed t4s4d4r's ghost (adept FeCj)
 30673 | D:15     | XOM: summons 2 hostile demons
 30675 | D:15     | Killed t4s4d4r's ghost
 30805 | D:15     | XOM: god gift: staff of wizardry {god gift}
 30830 | D:15     | Found a staircase to the Depths.
 30842 | Depths:1 | Entered Level 1 of the Depths
 30936 | Depths:1 | XOM: confusion
 30987 | Depths:1 | XOM: polymorph harpy -> jumping spider
 31007 | Depths:1 | Learned a level 4 spell: Passage of Golubria
 31016 | Depths:1 | Learned a level 8 spell: Summon Horrible Things
 31021 | Depths:1 | XOM: summons 11 hostile demons
 31054 | Depths:1 | XOM: 1-stop teleportation journey
 31067 | Depths:1 | XOM: confusion (+ monsters)
 31070 | Depths:1 | XOM: silly message
 31208 | Depths:1 | Found a gateway to Hell.
 31225 | Depths:1 | XOM: blink monster(s)
 31314 | Depths:1 | XOM: 2-stop teleportation journey
 31479 | Hell     | Entered the Vestibule of Hell
 31479 | Hell     | Noticed Geryon
 31490 | Hell     | Killed Geryon
 31625 | Hell     | XOM: cast spell 'Summon Small Mammal'
 31632 | Hell     | Found a gateway to the ashen valley of Gehenna.
 31643 | Geh:1    | Entered Level 1 of Gehenna
 31643 | Geh:1    | Found a gateway to Hell.
 31750 | Geh:1    | Reached XP level 25. HP: 133/133 MP: 36/37
 31827 | Geh:2    | Found a gateway to Hell.
 31827 | Geh:2    | Found a gateway to Hell.
 31834 | Geh:2    | XOM: divination: detect creatures
 31844 | Geh:3    | Found a gateway to Hell.
 31846 | Geh:3    | Found a gateway to Hell.
 31851 | Geh:3    | XOM: summons 2 friendly demons
 31886 | Geh:4    | Found a gateway to Hell.
 31887 | Geh:4    | You fall into a shaft and drop 1 floor!
 31896 | Geh:5    | Found a gateway to Hell.
 31914 | Geh:5    | XOM: noise
 31915 | Geh:5    | XOM: enchant monster (good)
 31963 | Geh:6    | Found a gateway to Hell.
 31979 | Geh:6    | XOM: cast spell 'Call Canine Familiar'
 31984 | Geh:7    | Entered Level 7 of Gehenna
 31984 | Geh:7    | Found a gateway to Hell.
 32077 | Geh:7    | XOM: silly message
 32245 | Geh:7    | XOM: enchant monster (good)
 32293 | Geh:7    | XOM: cast spell 'Discord'
 32295 | Geh:7    | Identified Ucle's Almanac of Frigorific Transformation
 32349 | Geh:7    | Identified the +7 sceptre of Asmodeus
 32349 | Geh:7    | Noticed Asmodeus
 32427 | Geh:7    | XOM: 2-stop teleportation journey
 32430 | Geh:7    | Reached skill level 21 in Long Blades
 32447 | Geh:7    | XOM: divination: magic mapping
 32567 | Geh:7    | XOM: cast spell 'Metabolic Englaciation'
 32568 | Geh:7    | XOM: divination: detect creatures
 32569 | Geh:7    | Found a gateway to Hell.
 32569 | Geh:7    | XOM: 3-stop teleportation journey
 32614 | Geh:7    | Lost mutation: Your magical capacity is low. (-10% MP)
                  | [potion of mutation]
 32614 | Geh:7    | Lost mutation: You are weak. (Str -2) [potion of mutation]
 32614 | Geh:7    | Lost mutation: You are clumsy. (Dex -2) [potion of
                  | mutation]
 32614 | Geh:7    | Lost mutation: You have large cloven feet. [potion of
                  | mutation]
 32614 | Geh:7    | Gained mutation: You are agile. (Dex +2) [potion of
                  | mutation]
 32614 | Geh:7    | Gained mutation: Your muscles are strong. (Str +2) [potion
                  | of mutation]
 32636 | Geh:7    | XOM: give mutations
 32636 | Geh:7    | Gained mutation: You tend to lose your temper in combat.
                  | [Xom's mischief]
 32636 | Geh:7    | Gained mutation: You are frail. (-10% HP) [Xom's mischief]
 32636 | Geh:7    | Lost mutation: You can translocate small distances at will.
                  | [Xom's mischief]
 32636 | Geh:7    | Gained mutation: You are dopey. (Int -2) [Xom's mischief]
 32745 | Geh:7    | Killed Asmodeus
 32794 | Geh:7    | Found the +7 pair of quick blades "Gyre" and "Gimble"
                  | {protect}
 32801 | Geh:7    | Identified Kikk's Grimoire of Heat and the Rocks
 32805 | Geh:7    | Identified the ring of Faoruamm {rC+ Dex+2 Stlth+} (You
                  | found it on level 7 of Gehenna)
 32814 | Geh:7    | Found the ring of Phasing {EV+8}
 32823 | Geh:7    | Identified the Handbook of Assistive Evil
 32832 | Geh:7    | Identified the Tome of Talismans and Cold (You found it on
                  | level 7 of Gehenna)
 32837 | Geh:7    | Identified the amulet "Edghap Onwega" {Spirit +Fly rPois
                  | Str-2 SInv} (You found it on level 7 of Gehenna)
 32849 | Geh:7    | Got an obsidian rune of Zot
 32943 | Geh:7    | XOM: confusion
 32987 | Geh:7    | XOM: summons 4 hostile demons
 33172 | Hell     | Found a gateway to the freezing wastes of Cocytus.
 33192 | Coc:1    | Entered Level 1 of Cocytus
 33192 | Coc:1    | Found a gateway to Hell.
 33200 | Coc:2    | Found a gateway to Hell.
 33206 | Coc:2    | Found a gateway to Hell.
 33206 | Coc:2    | Cast into level 2 of the Abyss (skeletal warrior)
 33207 | Abyss:2  | Found a corrupted altar of Lugonu.
 33221 | Abyss:2  | XOM: silly message
 33274 | Abyss:2  | Noticed an ancient lich
 33281 | Abyss:2  | Killed an ancient lich
 33281 | Abyss:2  | Reached skill level 22 in Long Blades
 33282 | Abyss:2  | Reached XP level 26. HP: 123/123 MP: 41/41
 33287 | Abyss:2  | Paralysed by accursed screaming for 1 turns
 33346 | Abyss:2  | Found a corrupted altar of Lugonu.
 33438 | Abyss:2  | XOM: potion effect (invisibility)
 33533 | Abyss:2  | XOM: potion effect (brilliance)
 33639 | Abyss:3  | Found a shimmering altar of Xom.
 33959 | Abyss:4  | XOM: stealth player
 33959 | Abyss:4  | Found a corrupted altar of Lugonu.
 33973 | Abyss:4  | Found a shattered altar of Ashenzari.
 33997 | Abyss:4  | XOM: silly message
 33998 | Abyss:4  | XOM: enchant monster (good)
 34056 | Abyss:4  | XOM: smoke on damage
 34062 | Abyss:4  | XOM: summons friendly ufetubus
 34085 | Abyss:4  | Gained mutation: You are very dopey. (Int -4) [a cacodemon]
 34109 | Abyss:4  | XOM: enchant monster (good)
 34130 | Abyss:4  | XOM: divination: magic mapping
 34158 | Abyss:4  | XOM: enchant monster (good)
 34159 | Abyss:4  | Gained mutation: You often lose your temper in combat. [a
                  | neqoxec]
 34166 | Abyss:4  | Reached skill level 23 in Long Blades
 34168 | Abyss:4  | XOM: confuse monster(s)
 34175 | Abyss:4  | XOM: enchant monster (good)
 34208 | Abyss:4  | XOM: scenery: 1 doors close
 34212 | Abyss:4  | XOM: enchant monster (bad)
 34237 | Abyss:4  | XOM: cleaving
 34260 | Abyss:4  | Got an abyssal rune of Zot
 34292 | Abyss:5  | Entered Level 5 of the Abyss
 34296 | Abyss:5  | Found a corrupted altar of Lugonu.
 34311 | Coc:2    | Escaped the Abyss
 34362 | Coc:3    | Found a gateway to Hell.
 34365 | Coc:3    | Noticed a shard shrike
 34370 | Coc:3    | XOM: divination: detect items
 34376 | Coc:3    | Killed a shard shrike
 34381 | Coc:3    | XOM: scenery: create altars
 34382 | Coc:3    | XOM: god gift: scroll of random uselessness
 34396 | Coc:3    | XOM: polymorph white imp -> crimson imp
 34404 | Coc:4    | Found a gateway to Hell.
 34413 | Coc:5    | Found a gateway to Hell.
 34420 | Coc:6    | Found a gateway to Hell.
 34430 | Coc:7    | Entered Level 7 of Cocytus
 34430 | Coc:7    | Found a gateway to Hell.
 34430 | Coc:7    | Found a gateway to Hell.
 34430 | Coc:7    | Found a gateway to Hell.
 34490 | Coc:7    | XOM: summons 14 friendly demons
 34496 | Coc:7    | XOM: give mutations
 34496 | Coc:7    | Lost mutation: You often lose your temper in combat. [Xom's
                  | mischief]
 34496 | Coc:7    | Lost mutation: You are agile. (Dex +2) [Xom's mischief]
 34529 | Coc:7    | Noticed a shard shrike
 34548 | Coc:7    | Killed a shard shrike
 34608 | Coc:7    | XOM: summons 2 hostile shadow creatures
 34609 | Coc:7    | Noticed a shard shrike
 34609 | Coc:7    | Noticed a shard shrike
 34652 | Coc:7    | Noticed a shard shrike
 34654 | Coc:7    | Noticed a shard shrike
 34660 | Coc:7    | XOM: confusion
 34662 | Coc:7    | Killed a shard shrike
 34666 | Coc:7    | Killed a shard shrike
 34718 | Coc:7    | XOM: confusion
 34720 | Coc:7    | Reached skill level 24 in Long Blades
 34723 | Coc:7    | Reached skill level 10 in Dodging
 34731 | Coc:7    | XOM: noise
 34803 | Coc:7    | XOM: 1-stop teleportation journey
 34817 | Coc:7    | XOM: divination: detect creatures
 34856 | Coc:7    | XOM: 3-stop teleportation journey
 34871 | Coc:7    | XOM: confusion
 34897 | Coc:7    | Reached XP level 27. HP: 127/127 MP: 40/41
 34906 | Coc:7    | Learned a level 7 spell: Malign Gateway
 34994 | Coc:7    | XOM: noise
 35033 | Coc:7    | XOM: enchant monster (bad)
 35054 | Coc:7    | XOM: enchant monster (bad)
 35151 | Coc:7    | XOM: summons 6 hostile demons
 35176 | Coc:7    | Noticed Antaeus
 35212 | Coc:7    | Killed Antaeus
 35216 | Coc:7    | XOM: polymorph large abomination -> large abomination
 35245 | Coc:7    | XOM: cast spell 'Olgreb's Toxic Radiance'
 35293 | Coc:7    | XOM: fog
 35305 | Coc:7    | Got an icy rune of Zot
 35306 | Coc:7    | XOM: confuse monster(s)
 35309 | Coc:7    | Identified the amulet "Xeqar" {*Contam +Rage Int+4} (You
                  | found it on level 7 of Cocytus)
 35407 | Coc:7    | XOM: noise
 35548 | Hell     | Found a gateway to the Iron City of Dis.
 35569 | Dis:1    | Entered Level 1 of the Iron City of Dis
 35569 | Dis:1    | Found a gateway to Hell.
 35656 | Dis:1    | XOM: silly message
 35838 | Dis:1    | Lost mutation: You are frail. (-10% HP) [potion of
                  | mutation]
 35838 | Dis:1    | Lost mutation: You are very dopey. (Int -4) [potion of
                  | mutation]
 35838 | Dis:1    | Gained mutation: You are clumsy. (Dex -2) [potion of
                  | mutation]
 35838 | Dis:1    | Gained mutation: You have sharp toenails. [potion of
                  | mutation]
 35842 | Dis:1    | XOM: divination: magic mapping
 35874 | Dis:2    | Found a gateway to Hell.
 35940 | Dis:2    | Found a gateway to Hell.
 36027 | Dis:2    | XOM: scenery: 1 doors open, 1 doors close
 36041 | Dis:2    | Found a gateway to Hell.
 36054 | Dis:2    | Found a gateway to Hell.
 36060 | Dis:2    | XOM: cleaving
 36207 | Dis:3    | Found a gateway to Hell.
 36256 | Dis:3    | You fall into a shaft and drop 3 floors!
 36256 | Dis:6    | XOM: noise
 36275 | Dis:7    | Entered Level 7 of the Iron City of Dis
 36275 | Dis:7    | Found a gateway to Hell.
 36340 | Dis:7    | XOM: potion effect (haste)
 36420 | Dis:7    | XOM: summons 7 friendly demons
 36422 | Dis:7    | XOM: 2-stop teleportation journey
 36427 | Dis:7    | XOM: draining
 36542 | Dis:7    | Reached skill level 15 in Fighting
 36586 | Dis:7    | Reached skill level 5 in Translocations
 36649 | Dis:7    | XOM: swap monsters
 36684 | Dis:7    | XOM: swap monsters
 36688 | Dis:7    | XOM: swap monsters
 36775 | Dis:7    | XOM: blink monster(s)
 36781 | Dis:7    | XOM: silly message
 36834 | Dis:7    | Identified the +14 plate armour "Fauriurch" {rC+}
 36930 | Dis:7    | Identified the +4 staff of Dispater
 36930 | Dis:7    | Noticed Dispater
 36943 | Dis:7    | XOM: enchant monster (bad)
 36949 | Dis:7    | XOM: confuse monster(s)
 36957 | Dis:7    | XOM: divination: magic mapping
 37033 | Dis:7    | XOM: confusion (+ monsters)
 37243 | Dis:7    | Got an iron rune of Zot
 37300 | Dis:7    | Reached skill level 10 in Translocations
 37352 | Dis:7    | Found a gateway to Hell.
 37430 | Hell     | Found a gateway to the decaying netherworld of Tartarus.
 37439 | Tar:1    | Entered Level 1 of Tartarus
 37439 | Tar:1    | Found a gateway to Hell.
 37578 | Tar:2    | Found a gateway to Hell.
 37604 | Tar:4    | Found a gateway to Hell.
 37620 | Tar:4    | Found a gateway to Hell.
 37754 | Tar:1    | XOM: silly message
 37756 | Tar:1    | XOM: noise
 37766 | Tar:1    | XOM: potion effect (invisibility)
 37768 | Tar:1    | Reached skill level 10 in Stealth
 37768 | Tar:1    | XOM: silly message
 37868 | Tar:4    | XOM: silly message
 37873 | Tar:4    | XOM: silly message
 37923 | Tar:5    | Found a gateway to Hell.
 38003 | Tar:5    | XOM: give mutations
 38003 | Tar:5    | Lost mutation: You are partially covered in slimy green
                  | scales. (AC +2) [Xom's mischief]
 38003 | Tar:5    | Lost mutation: Your muscles are strong. (Str +2) [Xom's
                  | mischief]
 38003 | Tar:5    | Lost mutation: You are dopey. (Int -2) [Xom's mischief]
 38030 | Tar:5    | Found a gateway to Hell.
 38043 | Tar:5    | Found a gateway to Hell.
 38043 | Tar:5    | XOM: 10-stop teleportation journey
 38101 | Tar:5    | XOM: silly message
 38110 | Tar:5    | XOM: blink monster(s)
 38125 | Tar:5    | XOM: 1-stop teleportation journey
 38267 | Tar:7    | Entered Level 7 of Tartarus
 38267 | Tar:7    | Found a gateway to Hell.
 38267 | Tar:7    | Found a gateway to Hell.
 38267 | Tar:7    | Found a gateway to Hell.
 38267 | Tar:7    | XOM: polymorph reaper -> lorocyproca
 38270 | Tar:7    | XOM: divine lightning
 38295 | Tar:7    | XOM: confuse monster(s)
 38321 | Tar:7    | Reached skill level 15 in Stealth
 38374 | Tar:7    | XOM: summons 14 friendly demons
 38377 | Tar:7    | XOM: cleaving
 38532 | Tar:7    | XOM: smoke on damage
 38599 | Tar:7    | XOM: silly message
 38650 | Tar:7    | XOM: cast spell 'Leda's Liquefaction'
 38651 | Tar:7    | XOM: blink monster(s)
 38707 | Tar:7    | Identified the Collected Works on the Cloudy Mountains
 38726 | Tar:7    | XOM: give mutations
 38726 | Tar:7    | Gained mutation: Your body sometimes deteriorates upon
                  | taking damage. [Xom's mischief]
 38726 | Tar:7    | Gained mutation: Your body often deteriorates upon taking
                  | damage. [Xom's mischief]
 38726 | Tar:7    | Gained mutation: Scrolls take you a little longer to read.
                  | [Xom's mischief]
 38815 | Tar:7    | Noticed an ancient lich
 38825 | Tar:7    | Killed an ancient lich
 38884 | Tar:7    | XOM: enchant monster (bad)
 38915 | Tar:7    | XOM: give mutations
 38915 | Tar:7    | Lost mutation: You have sharp toenails. [Xom's mischief]
 38915 | Tar:7    | Lost mutation: Scrolls take you a little longer to read.
                  | [Xom's mischief]
 38993 | Tar:7    | XOM: noise
 39064 | Tar:7    | XOM: 2-stop teleportation journey
 39128 | Tar:7    | XOM: summons 3 hostile demons
 39248 | Tar:7    | Noticed Ereshkigal
 39502 | Tar:7    | OH OF COURSE
 39510 | Tar:7    | Killed Ereshkigal
 39516 | Tar:7    | XOM: draining
 39524 | Tar:7    | Got a bone rune of Zot
 39734 | Depths:2 | Noticed Boris
 39747 | Depths:2 | Killed Boris
 39767 | Depths:2 | Found a gateway to a ziggurat.
 39795 | Depths:2 | XOM: give mutation
 39795 | Depths:2 | Lost mutation: You are clumsy. (Dex -2) [Xom's mischief]
 39805 | Depths:2 | Learned a level 2 spell: Shroud of Golubria
 39866 | Depths:2 | XOM: cast spell 'Call Canine Familiar'
 40040 | Depths:2 | XOM: god gift: scroll of brand weapon
 40144 | Depths:2 | XOM: fog
 40144 | Depths:2 | Noticed the Enchantress
 40147 | Depths:2 | Noticed a juggernaut
 40151 | Depths:2 | XOM: confuse monster(s)
 40152 | Depths:2 | Noticed a juggernaut
 40153 | Depths:2 | XOM: enchant monster (bad)
 40153 | Depths:2 | Noticed a juggernaut
 40160 | Depths:2 | Killed a juggernaut
 40170 | Depths:2 | Killed the Enchantress
 40172 | Depths:2 | Killed a juggernaut
 40178 | Depths:2 | Killed a juggernaut
 40451 | Depths:3 | Found a one-way gate leading to the halls of Pandemonium.
 40476 | Pan      | Entered Pandemonium
 40654 | Pan      | XOM: potion effect (brilliance)
 40707 | Pan      | XOM: give mutations
 40707 | Pan      | Gained mutation: Your muscles are strong. (Str +2) [Xom's
                  | mischief]
 40707 | Pan      | Gained mutation: You are dopey. (Int -2) [Xom's mischief]
 40707 | Pan      | Lost mutation: Your muscles are strong. (Str +2) [Xom's
                  | mischief]
 40714 | Pan      | XOM: divination: detect creatures
 40723 | Pan      | XOM: noise
 40727 | Pan      | XOM: polymorph shadow demon -> hellion
 40741 | Pan      | Noticed Odao the pandemonium lord
 40752 | Pan      | Found an exit through the horrors of the Abyss.
 40756 | Pan      | HP: 1/196 [Ice Fiend/bolt of cold (23)]
 40758 | Pan      | hm
 40901 | Pan      | XOM: noise
 40903 | Pan      | XOM: enchant monster (bad)
 40942 | Pan      | Killed Odao the pandemonium lord
 40972 | Pan      | XOM: confuse monster(s)
 41075 | Pan      | XOM: cast spell 'Leda's Liquefaction'
 41221 | Pan      | Found a runed translucent door.
 41236 | Pan      | Got a demonic rune of Zot
 41336 | Pan      | XOM: confusion (+ monsters)
 41343 | Pan      | XOM: enchant monster (bad)
 41348 | Pan      | XOM: polymorph sixfirhy -> soul eater
 41367 | Pan      | Found a runed translucent door.
 41719 | Pan      | XOM: silly message
 41875 | Pan      | Gained mutation: Your magical capacity is low. (-10% MP) [a
                  | cacodemon]
 41902 | Pan      | XOM: potion effect (might)
 41969 | Pan      | Noticed Sene the pandemonium lord
 42001 | Pan      | Killed Sene the pandemonium lord
 42035 | Pan      | XOM: enchant monster (good)
 42182 | Pan      | XOM: noise
 42184 | Pan      | XOM: enchant monster (good)
 42193 | Pan      | Paralysed by accursed screaming for 1 turns
 42285 | Pan      | Gained mutation: You occasionally shout uncontrollably at
                  | your foes. [a neqoxec]
 42299 | Pan      | Lost mutation: You are dopey. (Int -2) [potion of mutation]
 42299 | Pan      | Lost mutation: Your body often deteriorates upon taking
                  | damage. [potion of mutation]
 42299 | Pan      | Lost mutation: You often lose your temper in combat.
                  | [potion of mutation]
 42299 | Pan      | Lost mutation: Your body sometimes deteriorates upon taking
                  | damage. [potion of mutation]
 42299 | Pan      | Gained mutation: You have a somewhat thin skeletal
                  | structure. (Dex +2, Stealth) [potion of mutation]
 42457 | Pan      | Gained mutation: You are very frail. (-20% HP) [a
                  | cacodemon]
 42461 | Pan      | Gained mutation: Scrolls take you a little longer to read.
                  | [a cacodemon]
 42507 | Pan      | XOM: cast spell 'Summon Butterflies'
 42510 | Pan      | Entered the realm of Gloorx Vloq.
 42516 | Pan      | XOM: summons friendly white imp
 42614 | Pan      | Paralysed by fainting for 6 turns
 42631 | Pan      | Identified the +5 long sword of Waaf {drain, rC++} (You
                  | found it in Pandemonium)
 42736 | Pan      | XOM: summons 9 friendly demons
 42748 | Pan      | XOM: enchant monster (good)
 42763 | Pan      | Noticed Gloorx Vloq
 42820 | Pan      | Got a dark rune of Zot
 42947 | Pan      | XOM: chaos cloud
 42971 | Pan      | XOM: cast spell 'Leda's Liquefaction'
 42978 | Pan      | XOM: cast spell 'Monstrous Menagerie'
 43076 | Pan      | XOM: stealth player
 43270 | Pan      | Entered the realm of Mnoleg.
 43337 | Pan      | Gained mutation: You are dopey. (Int -2) [a neqoxec]
 43344 | Pan      | Gained mutation: You are clumsy. (Dex -2) [a neqoxec]
 43345 | Pan      | Gained mutation: Your magical capacity is very low. (-20%
                  | MP) [a neqoxec]
 43417 | Pan      | Noticed Mnoleg
 43427 | Pan      | Killed Mnoleg
 43435 | Pan      | Got a glowing rune of Zot
 43469 | Pan      | Gained mutation: You are very frail. (-20% HP) [a
                  | cacodemon]
 43474 | Depths:3 | Escaped Pandemonium
 43478 | Pan      | Entered Pandemonium
 43498 | Pan      | Noticed Setaep the pandemonium lord
 43520 | Pan      | fuck you xom
 43520 | Pan      | Killed Setaep the pandemonium lord
 43747 | Pan      | XOM: cast spell 'Call Canine Familiar'
 43750 | Pan      | XOM: scenery: create altars
 43757 | Pan      | XOM: enchant monster (good)
 43763 | Pan      | XOM: potion effect (haste)
 43764 | Pan      | HP: 6/169 [Executioner (3)]
 43765 | Pan      | Killed from afar by a balrug

Levels and vault maps discovered:
D:1:      scummos_arrival_checkerplants, layout_basic
D:2:      layout_basic, uniq_crazy_yiuf_cottage
D:3:      layout_basic
D:4:      layout_loops_ring, minmay_temple_entry_offerings, first_ration
D:5:      layout_cave_pools, serial_shops, nicolae_shop_stone
D:6:      minmay_flawed_box, layout_loops_ring, grunt_temple_overflow_open,
          grunt_ministairs_2, nrook_mini_vaults, nicolae_lava_and_water
D:7:      layout_layer_cave
D:8:      layout_basic, uniq_maggie, uniq_joseph
D:9:      layout_basic
D:10:     layout_gridville, lair_entry_dummy, erik_orc_1
D:11:     dragon1_lemuel, layout_rooms, moated_statue, hangedman_ranch
          [blue_anna_fruit_fields], serial_bayou_lake_a, uniq_harold,
          uniq_erolcha
D:12:     layout_cave_pools, uniq_sonja, uniq_josephine
D:13:     minmay_the_grid_triangle_9x9_recursive_2_mashed
          [minmay_the_grid_triangle_9x9_prize_center,
          minmay_the_grid_triangle_9x9_descending_squares,
          minmay_the_grid_triangle_9x9_corrupted_corridor,
          minmay_the_grid_triangle_9x9_alien], layout_stronghold,
          david_vaults_3, serial_shops, kennysheep_mini, minmay_misc_feat_doors,
          serial_park_tiny_1, bh_hangedman_babel_library
D:14:     layout_small_grid, serial_shops, kennysheep_little_box,
          nicolae_gozag_cash_rules_everything_around_me, uniq_rupert
D:15:     grunt_enter_depths_magical_seal, layout_rooms,
          maelrawn_ghost_gauntlet_escape, special_room [special_room_bee],
          fungi_pond_lemuel, due_unseen_surprise
Lair:1:   layout_cave_pods, lemuel_fruit_fields, uniq_grum
Lair:2:   layout_small_grid, gammafunk_ghost_cemetery, bh_chokoban,
          minivault_24, beast_lair_carwin_2
Lair:3:   layout_loops_ring, hangedman_lair_generics_rect,
          infiniplex_staircase_pool
Lair:4:   layout_cave_pods, swamp_mist, dummy_snake_entry, basic_altar,
          grunt_megastairs_5
Lair:5:   layout_hall_layers, slime_altar_1
Lair:6:   hangedman_lair_tendril_chambers, layout_cave_pods,
          guppyfry_lair_end_dragon, grunt_megastairs_2, lemuel_fruit_fields,
          infiniplex_staircase_pool_2
Swamp:1:  layout_falls_marsh, hangedman_swamp_blocks
Swamp:2:  layout_basic_swamp, evilmike_swamp_ruin_house_3, uniq_frances
Swamp:3:  layout_basic_swamp, ebering_ghost_inner_flame,
          nicolae_swamp_fairy_circle
Swamp:4:  swamp, layout_basic_swamp, uniq_mara, uniq_aizul
Snake:1:  layout_misc_corridors, drop_trap, st_stairs_9
Snake:2:  layout_concentric_octagons, serial_bayou, serial_bayou_lagoon_a,
          serial_bayou_pond_b, serial_bayou_pond_e, serial_bayou_pond_e,
          basic_altar
Snake:3:  layout_cave_pods, serial_bayou_shore_a, uniq_saint_roka, uniq_jorgrun
Snake:4:  grunt_snake_rune_serpentine_throne, layout_cave_town,
          nicolae_snake_shapes, minmay_shoptagon
Slime:1:  layout_caves
Slime:2:  layout_caves
Slime:3:  cheibrodos_slime_lost_civilization_2, layout_caves
Slime:4:  layout_caves
Slime:5:  uniq_dissolution
Orc:1:    layout_caves, serial_shops, nicolae_shop_window_shopping, shop, shop,
          mines5_lemuel, uniq_maurice
Orc:2:    st_orc_congregation, layout_caves, nooodl_orcs_dogs, uniq_nessos
Elf:1:    elf_arrival_001, layout_geoelf_grid, serial_shops,
          nicolae_shop_window_shopping, orc_legates
Elf:2:    layout_geoelf_grid, serial_shops, shop, nicolae_elf_big_sculpture_2,
          guppyfry_elf_altar
Elf:3:    grunt_elf_hall_diamonds, layout_gridlike
Vaults:1: grunt_vaults_funnel, v_misc_9, grunt_vaults_swirl,
          nicolae_vaults_network_quincunx
          [nicolae_vaults_network_quincunx_subvault,
          nicolae_vaults_network_quincunx_subvault,
          nicolae_vaults_network_quincunx_subvault,
          nicolae_vaults_network_quincunx_subvault,
          nicolae_vaults_network_quincunx_subvault],
          nicolae_vaults_circle_grid_b, nicolae_vaults_big_angled_halls,
          ontoclasm_vaults_pinch, nicolae_vaults_network_star,
          vaults_dpeg_cross, layout_vaults_big_cross
Vaults:2: nicolae_vaults_an_arrangement, ontoclasm_vaults_ring_large,
          minmay_crypt_entry_vampire_xt, nicolae_vaults_big_angled_halls,
          hangedman_vaults_nails, v_misc_4, layout_vaults_chaotic_city,
          nicolae_trove_entry_crossroad
Vaults:3: nicolae_vaults_big_ls, v_misc_11, vaults_room_grid,
          ontoclasm_vaults_idyll, ontoclasm_vaults_idyll,
          dpeg_vaults_monster_row, v_misc_17, nicolae_vaults_ring_of_whatevers,
          ontoclasm_vaults_bender, vaults_room_door_ring,
          hangedman_vaults_restitches, vaults_room_pools,
          nicolae_vaults_border_crossing, nicolae_vaults_alarming,
          ontoclasm_vaults_idyll, layout_vaults_omnibox, serial_shops, shop,
          nicolae_shop_crystal, shop_fountains, nicolae_shop_crystal,
          uniq_frederick
Vaults:4: hangedman_vaults_stream, ontoclasm_vaults_eye, ontoclasm_vaults_tryst,
          ontoclasm_vaults_shuriken, nicolae_vaults_windows_and_doors_thing,
          ontoclasm_vaults_loading_screen, v_misc_5, layout_vaults_omnigrid
Vaults:5: serial_shops, uniq_boris, uniq_xtahua, uniq_margery
Crypt:1:  layout_rooms, st_stairs_1, grunt_crypt_arrival_webbed, uniq_sojobo
Crypt:2:  layout_misc_corridors, serial_glass, glass_columns_b, glass_columns_b,
          glass_columns_b, glass_columns_c, uniq_khufu
Crypt:3:  quadcrypt_mu
Depths:1: layout_gridlike, hell_entry, grunt_decor_fettered, pan_entry,
          kennysheep_crisscross, chequers_serial_rivers_micro_c,
          serial_bayou_pond_b, grunt_decor_cap, minmay_fountain_box,
          hangedman_decor_growths, kennysheep_just_a_vault
Depths:2: gammafunk_depths_water_palace, layout_gridlike, enter_ziggurat_b,
          serial_shops, shop, hell_entry, serial_rivers,
          chequers_serial_rivers_marsh, chequers_serial_rivers_micro_c,
          chequers_serial_rivers_room_a, chequers_serial_rivers_marsh,
          chequers_serial_rivers_micro_b, chequers_serial_rivers_micro_b,
          solitary_fountain, minmay_staircase_bubble
Depths:3: kennysheep_ambush_hall, layout_honeycomb, pan_entry, hell_entry,
          lemuel_crystal_altar, serial_shops, nicolae_shop_trees
Hell
Dis:1:    hangedman_iron_city_apartments, layout_jigsaw,
          hangedman_player_shredder
Dis:2:    layout_overlapping_boxes
Dis:3:    lightli_tower_of_babel, layout_regular_city,
          nicolae_dis_strange_trophy_room
Dis:6:    layout_jigsaw, hangedman_dis_decor_blocks_talon, grunt_megastairs_4
Dis:7:    dis_grunt_layers
Geh:1:    grunt_deathspiral_small, layout_gehenna_pools_box
Geh:2:    layout_gehenna_lava_caves
Geh:3:    layout_gehenna_lava_caves
Geh:4:    layout_gehenna_pools_triple
Geh:5:    layout_gehenna_pools_box, lemuel_hellish_altar
Geh:6:    layout_gehenna_lava_caves, gehenna_fire_generator, lemuel_old_faithful
Geh:7:    geh_mu
Coc:1:    layout_cocytus_water_paths
Coc:2:    layout_cocytus_water_paths
Coc:3:    layout_ice_bergs
Coc:4:    layout_cocytus_water_paths
Coc:5:    layout_ice_bergs
Coc:6:    layout_cocytus_water_paths
Coc:7:    coc_mu
Tar:1:    layout_grid_maze
Tar:2:    layout_catacombs, lemuel_nasty_pond
Tar:3:    layout_grid_maze
Tar:4:    layout_grid_maze, nicolae_tar_cuneiform_oil,
          nicolae_tar_cuneiform_bread,
          hangedman_mysterious_dungeon_monster_house
Tar:5:    layout_cathedral_of_symmetry, grunt_tartarus_stairs_gauntlet_trap
Tar:6:    layout_catacombs
Tar:7:    tar_mu [tar_mu_maze]
Pan:      nicolae_pan_diamonds, layout_pan_divisions_a
          [pan_division_quadrant_a1, pan_division_quadrant_a2,
          pan_division_quadrant_a6, pan_division_quadrant_a2,
          pan_division_octagon_divided], evilmike_mini_pan_pillars_b,
          layout_irregular_city, nicolae_pan_cerebovesque_3,
          regret_index_pan_draining_boxed, layout_cross, nicolae_pan_sigil_obb,
          nicolae_pan_gloorx_vloqian_1, rand_demon_9, layout_gridlike,
          pan_captured_pigsty, nicolae_pan_double_arrow, layout_gridlike,
          evilmike_mini_pan_pillars_b, layout_basic, nicolae_pan_lom_lobonic_1,
          rand_demon_8, layout_basic, lemuel_hall_of_pain, layout_gridlike,
          nicolae_pan_gloorx_vloqian_1, evilmike_mini_pan_doors,
          layout_small_grid, nicolae_pan_double_arrow, layout_chambers,
          nicolae_pan_cerebovesque_2, grunt_pan_frozen_over, layout_long_grid,
          gloorx_vloq_grunt_torture_chamber, layout_rooms, special_room
          [special_room_demon_pit], rand_demon_5, layout_small_grid,
          uniq_gloorx_vloq, evilmike_mini_pan_pillars_b, layout_small_grid,
          nicolae_pan_mnolegish_1, grunt_pan_in_and_out, layout_irregular_city,
          pan_blood_fountain_small, evilmike_mini_pan_3x3, layout_stronghold,
          pan_blood_fountain_small, mnoleg, layout_grid_shapes,
          nicolae_pan_gloorx_vloqian_3, evilmike_mini_pan_doors, layout_basic,
          uniq_gloorx_vloq, evilmike_mini_pan_diamond, layout_onion_city,
          evilmike_mini_pan_3x3, layout_irregular_city

Skill      XL: |  1  2  3  4  5  6  7  8  9 10 11 12 13 14 15 16 17 18 19 20 21 22 23 24 25 26 27 |
---------------+----------------------------------------------------------------------------------+-----
Long Blades    | 3 4 5 6 7 8 10 11 13 14 15 17 19 20 22 24 | 24.0
Dodging        | 5 8 9 10 13 | 13.3
Fighting       | 8 9 10 13 22 | 22.5
Stealth        | 8 15 | 15.0
Armour         | 5 7 |  7.2
Spellcasting   | 2 5 7 13 | 13.0
Air Magic      | 2 |  2.5
Evocations     | 2 5 |  5.9
Translocations | 2 3 11 | 11.1
Transmutations | 8 9 14 16 21 | 21.0
Earth Magic    | 11 | 11.0
Conjurations   | 3 |  3.6
Summonings     | 6 14 18 19 21 | 21.0

Action                   |  1- 3 |  4- 6 |  7- 9 | 10-12 | 13-15 | 16-18 | 19-21 | 22-24 | 25-27 || total
-------------------------+-------+-------+-------+-------+-------+-------+-------+-------+-------++-------
Melee: Falchion          |    57 |   122 |   260 |   625 |   171 |    71 |       |       |       ||  1306
       Bite              |    16 |    30 |   102 |   305 |   482 |   477 |   450 |   490 |  1290 ||  3642
       Dagger            |       |       |     2 |     6 |    12 |       |       |       |       ||    20
       Double sword      |       |       |       |    94 |   948 |       |       |       |       ||  1042
       Triple sword      |       |       |       |     7 |    18 |     8 |   193 |   144 |  2338 ||  2708
       Kick              |       |       |       |       |   321 |   486 |   464 |   512 |   493 ||  2276
       Great sword       |       |       |       |       |    17 |   852 |   737 |   758 |   154 ||  2518
       Staff             |       |       |       |       |       |       |     4 |       |       ||     4
       Unarmed           |       |       |       |       |       |       |       |       |     2 ||     2
Throw: Dart              |       |       |     1 |    23 |     5 |     1 |    19 |       |       ||    49
       Boomerang         |       |       |       |     7 |       |       |       |       |       ||     7
       Throwing net      |       |       |       |     4 |     1 |     1 |     2 |       |     1 ||     9
 Cast: Statue Form       |       |       |       |       |       |       |    36 |    30 |    84 ||   150
       Apportation       |       |       |       |       |       |       |     7 |     5 |   148 ||   160
       Blink             |       |       |       |       |       |       |     2 |     4 |    18 ||    24
       Irradiate         |       |       |       |       |       |       |     6 |    15 |    27 ||    48
       Monstrous Menager |       |       |       |       |       |       |       |     4 |       ||     4
       Summon Horrible T |       |       |       |       |       |       |       |       |    40 ||    40
       Passage of Golubr |       |       |       |       |       |       |       |       |    14 ||    14
       Malign Gateway    |       |       |       |       |       |       |       |       |    17 ||    17
       Shroud of Golubri |       |       |       |       |       |       |       |       |     1 ||     1
 Abil: Evoke Invisibilit |       |       |       |       |     2 |     1 |       |       |       ||     3
       Blink             |       |       |       |       |       |     2 |     3 |     1 |       ||     6
       End Transformatio |       |       |       |       |       |       |     1 |     2 |     7 ||    10
       Evoke Flight      |       |       |       |       |       |       |       |       |     8 ||     8
       Stop Flying       |       |       |       |       |       |       |       |       |     3 ||     3
Evoke: Wand              |       |       |     2 |    17 |    12 |     7 |     5 |     9 |    21 ||    73
       Phial of floods   |       |       |       |       |     1 |     1 |     1 |     1 |       ||     4
       Phantom mirror    |       |       |       |       |       |       |     1 |       |     1 ||     2
       Lightning rod     |       |       |       |       |       |       |     2 |       |       ||     2
       Tin of tremorston |       |       |       |       |       |       |     1 |     1 |       ||     2
       Box of beasts     |       |       |       |       |       |       |     1 |       |       ||     1
  Use: Scroll            |       |       |    10 |    18 |    19 |    18 |     9 |    11 |    30 ||   115
       Potion            |       |       |       |     2 |     3 |     5 |     3 |     4 |    21 ||    38
 Stab: Paralysed         |     1 |       |     9 |    11 |       |     2 |     1 |     1 |     5 ||    30
       Petrifying        |     1 |       |       |     2 |       |     5 |     1 |       |       ||     9
       Sleeping          |       |     2 |       |     5 |    13 |     6 |    14 |     5 |    31 ||    76
       Distracted        |       |     2 |     2 |     2 |     1 |     1 |     6 |     5 |    24 ||    43
       Petrified         |       |       |    10 |     8 |    11 |       |       |       |       ||    29
       Confused          |       |       |     3 |     3 |     7 |     5 |     7 |     1 |     3 ||    29
       Invisible         |       |       |     3 |       |     2 |    16 |       |       |     3 ||    24
       Held in net/web   |       |       |       |     2 |     3 |     1 |       |       |     3 ||     9
       Betrayed ally     |       |       |       |       |     1 |       |       |       |       ||     1
  Eat: Chunk             |       |     2 |     8 |    14 |    20 |    16 |    28 |    13 |    30 ||   131
       Ration            |       |       |       |     5 |     1 |       |     6 |     7 |    27 ||    46
Armor: Leather armour    |    13 |    26 |    68 |    88 |       |       |    52 |     4 |       ||   251
       Ring mail         |       |       |       |    62 |   218 |       |       |       |       ||   280
       Skin              |       |       |       |     2 |       |     2 |   417 |   549 |  1107 ||  2077
       Plate armour      |       |       |       |       |   183 |       |       |       |       ||   183
       Scale mail        |       |       |       |       |    71 |   348 |       |   140 |   449 ||  1008
       Chain mail        |       |       |       |       |       |   157 |    71 |    25 |       ||   253
Dodge: Dodged            |    21 |    61 |   130 |   366 |   571 |   593 |   796 |  1112 |  4197 ||  7847
       Rpst.: Falchion   |     7 |    22 |    38 |    81 |    24 |    11 |       |       |       ||   183
       Double sword      |       |       |       |     6 |   133 |       |       |       |       ||   139
       Triple sword      |       |       |       |     2 |     2 |       |    44 |    43 |   710 ||   801
       Great sword       |       |       |       |       |     1 |   119 |   130 |   175 |    57 ||   482

Table legend:
 A = Non-vault XP
 B = Vault XP
 C = Vault XP percentage of total XP
 D = Non-vault monster count
 E = Vault monster count
 F = Vault count percentage of total count
                 A         B        C        D         E       F
            +---------+---------+-------+---------+---------+-------
      Total | 1127601 | 1044592 |  48.1 |    2064 |    1237 |  37.5
            +---------+---------+-------+---------+---------+-------
        D:1 |      24 |       0 |   0.0 |      13 |       0 |   0.0
        D:2 |      72 |       0 |   0.0 |      15 |       0 |   0.0
        D:3 |      94 |       0 |   0.0 |      20 |       0 |   0.0
        D:4 |     467 |       0 |   0.0 |      31 |       0 |   0.0
        D:5 |     236 |       0 |   0.0 |       9 |       0 |   0.0
        D:6 |     670 |     234 |  25.9 |      11 |       9 |  45.0
        D:7 |    1009 |       0 |   0.0 |      18 |       0 |   0.0
        D:8 |    3157 |     372 |  10.5 |      24 |       1 |   4.0
        D:9 |    1585 |       0 |   0.0 |      18 |       0 |   0.0
       D:10 |    5403 |     417 |   7.2 |      29 |      16 |  35.6
       D:11 |    4332 |    4426 |  50.5 |      31 |      15 |  32.6
       D:12 |    5444 |    1813 |  25.0 |      36 |       3 |   7.7
       D:13 |    6445 |   12046 |  65.1 |      34 |      30 |  46.9
       D:14 |    5154 |       0 |   0.0 |      10 |       0 |   0.0
       D:15 |    3575 |   12311 |  77.5 |       8 |      40 |  83.3
     Lair:1 |    4344 |     579 |  11.8 |      19 |       5 |  20.8
     Lair:2 |    3506 |    3498 |  49.9 |      16 |       7 |  30.4
     Lair:3 |    3120 |    2989 |  48.9 |      17 |       7 |  29.2
     Lair:4 |   10916 |     252 |   2.3 |      39 |       2 |   4.9
     Lair:5 |   16570 |       0 |   0.0 |      27 |       0 |   0.0
     Lair:6 |   16874 |   15031 |  47.1 |      41 |      51 |  55.4
    Swamp:1 |    5967 |       0 |   0.0 |      20 |       0 |   0.0
    Swamp:2 |    6887 |       0 |   0.0 |      11 |       0 |   0.0
    Swamp:3 |    4874 |       0 |   0.0 |       4 |       0 |   0.0
    Swamp:4 |   12355 |   24990 |  66.9 |      28 |      28 |  50.0
    Snake:1 |    6235 |    1327 |  17.5 |      11 |       2 |  15.4
    Snake:2 |   11737 |    3638 |  23.7 |      23 |       4 |  14.8
    Snake:3 |    5190 |    5876 |  53.1 |       9 |      11 |  55.0
    Snake:4 |    4931 |    7107 |  59.0 |       9 |       8 |  47.1
    Slime:1 |   11312 |       0 |   0.0 |      12 |       0 |   0.0
    Slime:3 |    4718 |       0 |   0.0 |      16 |       0 |   0.0
    Slime:4 |   15822 |   14911 |  48.5 |      26 |       3 |  10.3
    Slime:5 |   11331 |   29719 |  72.4 |      25 |      11 |  30.6
      Orc:1 |    3726 |    1728 |  31.7 |      33 |      11 |  25.0
      Orc:2 |    1830 |   13436 |  88.0 |      27 |      79 |  74.5
      Elf:1 |   11890 |   12280 |  50.8 |      19 |      29 |  60.4
      Elf:2 |   16352 |   13047 |  44.4 |      24 |      17 |  41.5
      Elf:3 |   14668 |   42871 |  74.5 |      25 |      34 |  57.6
   Vaults:1 |   21808 |   29467 |  57.5 |      29 |      37 |  56.1
   Vaults:2 |   27034 |    9835 |  26.7 |      47 |      17 |  26.6
   Vaults:3 |   19647 |   29010 |  59.6 |      35 |      30 |  46.2
   Vaults:4 |   11522 |    3448 |  23.0 |      20 |       4 |  16.7
   Vaults:5 |   19733 |  123479 |  86.2 |      26 |      93 |  78.2
    Crypt:1 |   13877 |   12081 |  46.5 |      26 |       4 |  13.3
    Crypt:2 |   20113 |   15111 |  42.9 |      28 |       3 |   9.7
    Crypt:3 |       0 |   54395 | 100.0 |       0 |      71 | 100.0
   Depths:1 |   50680 |    4107 |   7.5 |      71 |       4 |   5.3
   Depths:2 |   11401 |   73963 |  86.6 |      12 |      44 |  78.6
   Depths:3 |    1723 |       0 |   0.0 |       2 |       0 |   0.0
       Hell |    5422 |   32128 |  85.6 |       7 |      58 |  89.2
      Dis:1 |   22415 |   12886 |  36.5 |      44 |      23 |  34.3
      Dis:2 |   10128 |       0 |   0.0 |      23 |       0 |   0.0
      Dis:3 |    7402 |       0 |   0.0 |      13 |       0 |   0.0
      Dis:6 |    3655 |       0 |   0.0 |       3 |       0 |   0.0
      Dis:7 |   40030 |   85365 |  68.1 |      59 |      68 |  53.5
      Geh:1 |    4873 |   15215 |  75.7 |      18 |      27 |  60.0
      Geh:2 |    1462 |       0 |   0.0 |       6 |       0 |   0.0
      Geh:3 |    9608 |       0 |   0.0 |      20 |       0 |   0.0
      Geh:5 |   14657 |       0 |   0.0 |      28 |       0 |   0.0
      Geh:6 |     906 |       0 |   0.0 |       3 |       0 |   0.0
      Geh:7 |   48182 |   44444 |  48.0 |     106 |      31 |  22.6
      Coc:2 |    4756 |     288 |   5.7 |       8 |       1 |  11.1
      Coc:3 |    7823 |       0 |   0.0 |      11 |       0 |   0.0
      Coc:7 |   82855 |   51814 |  38.5 |     102 |      71 |  41.0
      Tar:1 |   23456 |       0 |   0.0 |      17 |       0 |   0.0
      Tar:2 |     975 |       0 |   0.0 |       4 |       0 |   0.0
      Tar:4 |   25722 |       0 |   0.0 |      24 |       0 |   0.0
      Tar:5 |    6902 |    2022 |  22.7 |      13 |      14 |  51.9
      Tar:6 |   11884 |       0 |   0.0 |      11 |       0 |   0.0
      Tar:7 |  100671 |   95032 |  48.6 |     110 |      76 |  40.9
    Abyss:2 |   30109 |       0 |   0.0 |      55 |       0 |   0.0
    Abyss:3 |   14592 |       0 |   0.0 |      26 |       0 |   0.0
    Abyss:4 |   24829 |   21387 |  46.3 |      47 |      49 |  51.0
    Abyss:5 |       0 |      63 | 100.0 |       0 |       1 | 100.0
        Pan |  183927 |  104154 |  36.2 |     222 |      88 |  28.4
            +---------+---------+-------+---------+---------+-------
